Workbook

Sheet Aggregation
A1: Exhibit VI
A2: FORM 1 OF THE NEW MEXICO TITLE INSURANCE UNDERWRITERS STATISTICAL REPORT
A3: Aggregated for all Underwriters
A4: For the Year Ended December 31, 2023
D6: Non-Affiliated | E6: Affiliated
C7: Direct | D7: Agency | E7: Agency
C8: Operations | D8: Operations | E8: Operations | F8: Total
A9: Part A: Revenue
A10: 1. | B10: Direct premiums written | C10: =ROUND(SUM('Agents National Title:WFG National Title Insurance Co'!C19),0) -> 16717016 | D10: =ROUND(SUM('Agents National Title:WFG National Title Insurance Co'!D19),0) -> 66574054 | E10: =ROUND(SUM('Agents National Title:WFG National Title Insurance Co'!E19),0) -> 42727219 | F10: =SUM(C10:E10) -> 126018289
A11: 2. | B11: Direct premiums written that are retained by agent | C11: =ROUND(SUM('Agents National Title:WFG National Title Insurance Co'!C20),0) -> 12676035 | D11: =ROUND(SUM('Agents National Title:WFG National Title Insurance Co'!D20),0) -> 41349707 | E11: =ROUND(SUM('Agents National Title:WFG National Title Insurance Co'!E20),0) -> 34272925 | F11: =SUM(C11:E11) -> 88298667
A12: 3. | B12: Direct premiums written that are remitted to underwriter | C12: =C10-C11 -> 4040981 | D12: =D10-D11 -> 25224347 | E12: =E10-E11 -> 8454294 | F12: =F10-F11 -> 37719622
A13: 4. | B13: Escrow and settlement service charges | C13: =ROUND(SUM('Agents National Title:WFG National Title Insurance Co'!C22),0) -> 262035 | D13: =ROUND(SUM('Agents National Title:WFG National Title Insurance Co'!D22),0) -> 350327 | E13: =ROUND(SUM('Agents National Title:WFG National Title Insurance Co'!E22),0) -> 0 | F13: =SUM(C13:E13) -> 612362
A14: 5. | B14: Other title fees and service charges | C14: =ROUND(SUM('Agents National Title:WFG National Title Insurance Co'!C23),0) -> 228764 | D14: =ROUND(SUM('Agents National Title:WFG National Title Insurance Co'!D23),0) -> 2795 | E14: =ROUND(SUM('Agents National Title:Westcor Land Title Insurance Co'!E23),0) -> 0 | F14: =ROUND(SUM('Agents National Title:WFG National Title Insurance Co'!F23),0) -> 231559
A15: 6. | B15: Total Other Income | C15: =SUM(C13:C14) -> 490799 | D15: =SUM(D13:D14) -> 353122 | E15: =SUM(E13:E14) -> 0 | F15: =SUM(C15:E15) -> 843921
A16: 7. | B16: Total Revenue | C16: =C12+C15 -> 4531780 | D16: =D12+D15 -> 25577469 | E16: =E12+E15 -> 8454294 | F16: =SUM(C16:E16) -> 38563543
A18: For underwriters that charge rates below the promulgated rates:
A19: 8. | B19: Direct premiums as if they had been written at promulgated rates | C19: =ROUND(SUM('Alamo Title Insurance:Westcor Land Title Insurance Co'!C28),0) -> 0 | D19: =ROUND(SUM('Alamo Title Insurance:Westcor Land Title Insurance Co'!D28),0) -> 0 | E19: =ROUND(SUM('Alamo Title Insurance:Westcor Land Title Insurance Co'!E28),0) -> 347720 | F19: =SUM(C19:E19) -> 347720
A21: Part B: Corporate Expenses
A23: 1. | B23: Losses and loss adjustment expenses incurred | C23: =ROUND(SUM('Agents National Title:WFG National Title Insurance Co'!C37),0) -> 269128 | D23: =ROUND(SUM('Agents National Title:WFG National Title Insurance Co'!D37),0) -> 1657004 | E23: =ROUND(SUM('Agents National Title:WFG National Title Insurance Co'!E37),0) -> -373589 | F23: =SUM(C23:E23)+0.4 -> 1552543.4
A24: 2. | B24: Total personnel costs | C24: =ROUND(SUM('Agents National Title:WFG National Title Insurance Co'!C38),0) -> 87967 | D24: =ROUND(SUM('Agents National Title:WFG National Title Insurance Co'!D38),0) -> 5782003 | E24: =ROUND(SUM('Agents National Title:WFG National Title Insurance Co'!E38),0) -> 873926 | F24: =SUM(C24:E24) -> 6743896
A25: 3. | B25: Total production services purchased outside | C25: =ROUND(SUM('Agents National Title:WFG National Title Insurance Co'!C39),0) -> -121052 | D25: =ROUND(SUM('Agents National Title:WFG National Title Insurance Co'!D39),0) -> 4565261 | E25: =ROUND(SUM('Agents National Title:WFG National Title Insurance Co'!E39),0) -> -749 | F25: =SUM(C25:E25) -> 4443460
A26: 4. | B26: Advertising | C26: =ROUND(SUM('Agents National Title:WFG National Title Insurance Co'!C40),0) -> 2788 | D26: =ROUND(SUM('Agents National Title:WFG National Title Insurance Co'!D40),0) -> 45645 | E26: =ROUND(SUM('Agents National Title:WFG National Title Insurance Co'!E40),0) -> 4076 | F26: =SUM(C26:E26) -> 52509
A27: 5. | B27: Boards, bureaus and associations | C27: =ROUND(SUM('Agents National Title:WFG National Title Insurance Co'!C41),0) -> 2038 | D27: =ROUND(SUM('Agents National Title:WFG National Title Insurance Co'!D41),0) -> 156604 | E27: =ROUND(SUM('Agents National Title:WFG National Title Insurance Co'!E41),0) -> 6150 | F27: =SUM(C27:E27) -> 164792
A28: 6. | B28: Title plant rent and maintenance | C28: =ROUND(SUM('Agents National Title:WFG National Title Insurance Co'!C42),0) -> 2546 | D28: =ROUND(SUM('Agents National Title:WFG National Title Insurance Co'!D42),0) -> 126087 | E28: =ROUND(SUM('Agents National Title:WFG National Title Insurance Co'!E42),0) -> 5748 | F28: =SUM(C28:E28) -> 134381
A29: 7. | B29: Claim adjustment services | C29: =ROUND(SUM('Agents National Title:WFG National Title Insurance Co'!C43),0) -> 0 | D29: =ROUND(SUM('Agents National Title:WFG National Title Insurance Co'!D43),0) -> 2606 | E29: =ROUND(SUM('Agents National Title:WFG National Title Insurance Co'!E43),0) -> 181 | F29: =SUM(C29:E29) -> 2787
A30: 8. | B30: Amounts charged off, net of recoveries | C30: =ROUND(SUM('Agents National Title:WFG National Title Insurance Co'!C44),0) -> 531 | D30: =ROUND(SUM('Agents National Title:WFG National Title Insurance Co'!D44),0) -> -11656 | E30: =ROUND(SUM('Agents National Title:WFG National Title Insurance Co'!E44),0) -> 572 | F30: =SUM(C30:E30) -> -10553
A31: 9. | B31: Marketing and promotional expenses | C31: =ROUND(SUM('Agents National Title:WFG National Title Insurance Co'!C45),0) -> 6663 | D31: =ROUND(SUM('Agents National Title:WFG National Title Insurance Co'!D45),0) -> 85991 | E31: =ROUND(SUM('Agents National Title:WFG National Title Insurance Co'!E45),0) -> 16222 | F31: =SUM(C31:E31) -> 108876
A32: 10. | B32: Insurance | C32: =ROUND(SUM('Agents National Title:WFG National Title Insurance Co'!C46),0) -> 3339 | D32: =ROUND(SUM('Agents National Title:WFG National Title Insurance Co'!D46),0) -> 77338 | E32: =ROUND(SUM('Agents National Title:WFG National Title Insurance Co'!E46),0) -> 8553 | F32: =SUM(C32:E32) -> 89230
A33: 11. | B33: Directors' fees | C33: =ROUND(SUM('Agents National Title:WFG National Title Insurance Co'!C47),0) -> 1 | D33: =ROUND(SUM('Agents National Title:WFG National Title Insurance Co'!D47),0) -> 2648 | E33: =ROUND(SUM('Agents National Title:WFG National Title Insurance Co'!E47),0) -> 0 | F33: =SUM(C33:E33) -> 2649
A34: 12. | B34: Travel and travel items | C34: =ROUND(SUM('Agents National Title:WFG National Title Insurance Co'!C48),0) -> 8844 | D34: =ROUND(SUM('Agents National Title:WFG National Title Insurance Co'!D48),0) -> 218466 | E34: =ROUND(SUM('Agents National Title:WFG National Title Insurance Co'!E48),0) -> 25672 | F34: =SUM(C34:E34) -> 252982
A35: 13. | B35: Rent and rent items | C35: =ROUND(SUM('Agents National Title:WFG National Title Insurance Co'!C49),0) -> 19224 | D35: =ROUND(SUM('Agents National Title:WFG National Title Insurance Co'!D49),0) -> 353837 | E35: =ROUND(SUM('Agents National Title:WFG National Title Insurance Co'!E49),0) -> 46834 | F35: =SUM(C35:E35) -> 419895
... A44: 22. | B44: Aggregate write-ins for miscellaneous expenses | C44: =ROUND(SUM('Agents National Title:WFG National Title Insurance Co'!C58),0) -> -227 | D44: =ROUND(SUM('Agents National Title:WFG National Title Insurance Co'!D58),0) -> 772847 | E44: =ROUND(SUM('Agents National Title:WFG National Title Insurance Co'!E58),0) -> 95621 | F44: =SUM(C44:E44) -> 868241
A45: 23. | B45: Total Corporate Expenses | C45: =SUM(C23:C44) -> 1095164 | D45: =SUM(D23:D44) -> 17585420 | E45: =SUM(E23:E44) -> 2703850 | F45: =SUM(F23:F44) -> 21384434
A47: Part C: Net Income
A48: 1. | B48: Income (Loss) | C48: =C16-C45 -> 3436616 | D48: =D16-D45 -> 7992049 | E48: =E16-E45 -> 5750444 | F48: =F16-F45-3 -> 17179106

Sheet Agents National Title
A1: NEW MEXICO TITLE INSURANCE UNDERWRITERS STATISTICAL REPORT
A2: FORM 1: STATEMENT OF INCOME AND EXPENSES
A3: For Calendar Year Ending December 31, 2023
A4: NEW MEXICO EXPERIENCE ONLY
B5: Insurance Company: | C5: Agents National Title Insurance Company
B6: NAIC Code: | C6: 12522
D8: Yes | E8: No
C9: Do you have direct operations or affiliated agencies in New Mexico? | D9: x
C11: If you DO have direct operations or affiliated agencies in New Mexico,
B12: are the expenses that are reported by those direct operations or affiliated agencies on their Agent Statistical Reports also included on Part B below? | D12: Yes | E12: No
E13: x
H14: Total Other | I14: NAIC
D15: Non-Affiliated | E15: Affiliated | H15: Income From | I15: Annual
C16: Direct | D16: Agency | E16: Agency | H16: Direct | I16: Statement
C17: Operations | D17: Operations | E17: Operations | F17: Total | H17: Operation ASR | I17: Schedule T | J17: Difference
A18: Part A: Revenue
A19: 1. | B19: Direct premiums written | C19: 0 | D19: 13691 | E19: 89880 | F19: =SUM(C19:E19) -> 103571 | I19: 103571 | J19: =F19-I19 -> 0
A20: 2. | B20: Direct premiums written that are retained by agent | C20: 0 | D20: 10764 | E20: 72542 | F20: =SUM(C20:E20) -> 83306
A21: 3. | B21: Direct premiums written that are remitted to underwriter | C21: =C19-C20 -> 0 | D21: =D19-D20 -> 2927 | E21: =E19-E20 -> 17338 | F21: =SUM(C21:E21) -> 20265
A22: 4. | B22: Escrow and settlement service charges | C22: 0 | D22: 0 | E22: 0 | F22: =SUM(C22:E22) -> 0
A23: 5. | B23: Other title fees and service charges | C23: 0 | D23: 0 | E23: 0 | F23: =SUM(C23:E23) -> 0
A24: 6. | B24: Total Other Income | C24: =C22+C23 -> 0 | D24: =D22+D23 -> 0 | E24: =E22+E23 -> 0 | F24: =SUM(C24:E24) -> 0 | H24: 0 | I24: 0 | J24: =F24+H24-I24 -> 0
A25: 7. | B25: Total Revenue | C25: =C21+C24 -> 0 | D25: =D21+D24 -> 2927 | E25: =E21+E24 -> 17338 | F25: =SUM(C25:E25) -> 20265
A27: For underwriters that charge rates below the promulgated rates: | I27: From Form 3 | J27: Difference
A28: 8. | B28: Direct premiums as if they had been written at promulgated rates | F28: =SUM(C28:E28) -> 0 | I28: 0 | J28: =F28-I28 -> 0
A30: Part B: Corporate Expenses
A32: Line 1 as defined per NAIC Annual Statement, STATEMENT OF INCOME Exhibit.
A33: Lines 2 through 22 as defined per NAIC Annual Statement, EXPENSES Exhibit.
A35: All entries should show NEW MEXICO expenses only and should NOT show any expenses reported by a direct or affiliated operation on their Agent Statistical Reports.
A37: 1. | B37: Losses and loss adjustment expenses incurred | C37: 0 | D37: 0 | E37: 0 | F37: =SUM(C37:E37) -> 0
A38: 2. | B38: Total personnel costs | C38: 0 | D38: =38862*($D$19/$F$19) -> 5137.1488 | E38: =38862*($E$19/$F$19) -> 33724.851 | F38: =SUM(C38:E38) -> 38862
A39: 3. | B39: Total production services purchased outside | C39: 0 | D39: 0 | E39: 0 | F39: =SUM(C39:E39) -> 0
A40: 4. | B40: Advertising | C40: 0 | D40: 0 | E40: 0 | F40: =SUM(C40:E40) -> 0
A41: 5. | B41: Boards, bureaus and associations | C41: 0 | D41: 0 | E41: 0 | F41: =SUM(C41:E41) -> 0
A42: 6. | B42: Title plant rent and maintenance | C42: 0 | D42: 0 | E42: 0 | F42: =SUM(C42:E42) -> 0
A43: 7. | B43: Claim adjustment services | C43: 0 | D43: 0 | E43: 0 | F43: =SUM(C43:E43) -> 0
A44: 8. | B44: Amounts charged off, net of recoveries | C44: 0 | D44: 0 | E44: 0 | F44: =SUM(C44:E44) -> 0
A45: 9. | B45: Marketing and promotional expenses | C45: 0 | D45: 0 | E45: 0 | F45: =SUM(C45:E45) -> 0
A46: 10. | B46: Insurance | C46: 0 | D46: 0 | E46: 0 | F46: =SUM(C46:E46) -> 0
A47: 11. | B47: Directors' fees | C47: 0 | D47: 0 | E47: 0 | F47: =SUM(C47:E47) -> 0
A48: 12. | B48: Travel and travel items | C48: 0 | D48: 0 | E48: 0 | F48: =SUM(C48:E48) -> 0
A49: 13. | B49: Rent and rent items | C49: 0 | D49: 0 | E49: 0 | F49: =SUM(C49:E49) -> 0
A50: 14. | B50: Equipment | C50: 0 | D50: 0 | E50: 0 | F50: =SUM(C50:E50) -> 0
... A54: 18. | B54: Legal and auditing | C54: 0 | D54: 0 | E54: 0 | F54: =SUM(C54:E54) -> 0
A55: 19. | B55: Total taxes, licenses and fees | C55: 0 | D55: =6745*($D$19/$F$19) -> 891.61826 | E55: =6745*($E$19/$F$19) -> 5853.3817 | F55: =SUM(C55:E55) -> 6745
A56: 20. | B56: Real estate expenses | C56: 0 | D56: 0 | E56: 0 | F56: =SUM(C56:E56) -> 0
A57: 21. | B57: Real estate taxes | C57: 0 | D57: 0 | E57: 0 | F57: =SUM(C57:E57) -> 0
A58: 22. | B58: Aggregate write-ins for miscellaneous expenses | C58: 0 | D58: =-1554*($D$19/$F$19) -> -205.4225 | E58: =-1554*($E$19/$F$19) -> -1348.5775 | F58: =SUM(C58:E58) -> -1554
A59: 23. | B59: Total Corporate Expenses | C59: =SUM(C37:C58) -> 0 | D59: =SUM(D37:D58) -> 5823.3446 | E59: =SUM(E37:E58) -> 38229.655 | F59: =SUM(F37:F58) -> 44053
A61: Part C: Net Income
A62: 1. | B62: Income (Loss) | C62: =C25-C59 -> 0 | D62: =D25-D59 -> -2896.3446 | E62: =E25-E59 -> -20891.655 | F62: =SUM(C62:E62) -> -23788

Sheet Alamo Title Insurance
A1: NEW MEXICO TITLE INSURANCE UNDERWRITERS STATISTICAL REPORT
A2: FORM 1: STATEMENT OF INCOME AND EXPENSES
A3: For Calendar Year Ending December 31, 2023
A4: NEW MEXICO EXPERIENCE ONLY
B5: Insurance Company: | C5: Alamo Title Insurance
B6: NAIC Code: | C6: 50598
D8: Yes | E8: No
C9: Do you have direct operations or affiliated agencies in New Mexico? | E9: X
C11: If you DO have direct operations or affiliated agencies in New Mexico,
B12: are the expenses that are reported by those direct operations or affiliated agencies on their Agent Statistical Reports also included on Part B below? | D12: Yes | E12: No
H14: Total Other | I14: NAIC
D15: Non-Affiliated | E15: Affiliated | H15: Income From | I15: Annual
C16: Direct | D16: Agency | E16: Agency | H16: Direct | I16: Statement
C17: Operations | D17: Operations | E17: Operations | F17: Total | H17: Operation ASR | I17: Schedule T | J17: Difference
A18: Part A: Revenue
A19: 1. | B19: Direct premiums written | C19: 0 | D19: 0 | E19: 0 | F19: =SUM(C19:E19) -> 0 | I19: 0 | J19: =F19-I19 -> 0
A20: 2. | B20: Direct premiums written that are retained by agent | C20: 0 | D20: 0 | E20: 0 | F20: =SUM(C20:E20) -> 0
A21: 3. | B21: Direct premiums written that are remitted to underwriter | C21: =C19-C20 -> 0 | D21: =D19-D20 -> 0 | E21: =E19-E20 -> 0 | F21: =SUM(C21:E21) -> 0
A22: 4. | B22: Escrow and settlement service charges | C22: 0 | D22: 0 | E22: 0 | F22: =SUM(C22:E22) -> 0
A23: 5. | B23: Other title fees and service charges | C23: 0 | D23: 0 | E23: 0 | F23: =SUM(C23:E23) -> 0
A24: 6. | B24: Total Other Income | C24: =C22+C23 -> 0 | D24: =D22+D23 -> 0 | E24: =E22+E23 -> 0 | F24: =SUM(C24:E24) -> 0 | H24: 0 | I24: 0 | J24: =F24+H24-I24 -> 0
A25: 7. | B25: Total Revenue | C25: =C21+C24 -> 0 | D25: =D21+D24 -> 0 | E25: =E21+E24 -> 0 | F25: =SUM(C25:E25) -> 0
A27: For underwriters that charge rates below the promulgated rates: | I27: From Form 3 | J27: Difference
A28: 8. | B28: Direct premiums as if they had been written at promulgated rates | C28: 0 | D28: 0 | E28: 0 | F28: =SUM(C28:E28) -> 0 | I28: 0 | J28: =F28-I28 -> 0
A30: Part B: Corporate Expenses
A32: Line 1 as defined per NAIC Annual Statement, STATEMENT OF INCOME Exhibit.
A33: Lines 2 through 22 as defined per NAIC Annual Statement, EXPENSES Exhibit.
A35: All entries should show NEW MEXICO expenses only and should NOT show any expenses reported by a direct or affiliated operation on their Agent Statistical Reports.
A37: 1. | B37: Losses and loss adjustment expenses incurred | C37: 0 | D37: 182986 | E37: 0 | F37: =SUM(C37:E37) -> 182986
A38: 2. | B38: Total personnel costs | C38: 0 | D38: 0 | E38: 0 | F38: =SUM(C38:E38) -> 0
A39: 3. | B39: Total production services purchased outside | C39: 0 | D39: 0 | E39: 0 | F39: =SUM(C39:E39) -> 0
A40: 4. | B40: Advertising | C40: 0 | D40: 0 | E40: 0 | F40: =SUM(C40:E40) -> 0
A41: 5. | B41: Boards, bureaus and associations | C41: 0 | D41: 0 | E41: 0 | F41: =SUM(C41:E41) -> 0
A42: 6. | B42: Title plant rent and maintenance | C42: 0 | D42: 0 | E42: 0 | F42: =SUM(C42:E42) -> 0
A43: 7. | B43: Claim adjustment services | C43: 0 | D43: 0 | E43: 0 | F43: =SUM(C43:E43) -> 0
A44: 8. | B44: Amounts charged off, net of recoveries | C44: 0 | D44: 0 | E44: 0 | F44: =SUM(C44:E44) -> 0
A45: 9. | B45: Marketing and promotional expenses | C45: 0 | D45: 0 | E45: 0 | F45: =SUM(C45:E45) -> 0
A46: 10. | B46: Insurance | C46: 0 | D46: 0 | E46: 0 | F46: =SUM(C46:E46) -> 0
A47: 11. | B47: Directors' fees | C47: 0 | D47: 0 | E47: 0 | F47: =SUM(C47:E47) -> 0
A48: 12. | B48: Travel and travel items | C48: 0 | D48: 0 | E48: 0 | F48: =SUM(C48:E48) -> 0
... A58: 22. | B58: Aggregate write-ins for miscellaneous expenses | C58: 0 | D58: 0 | E58: 0 | F58: =SUM(C58:E58) -> 0
A59: 23. | B59: Total Corporate Expenses | C59: =SUM(C37:C58) -> 0 | D59: =SUM(D37:D58) -> 183786 | E59: =SUM(E37:E58) -> 0 | F59: =SUM(F37:F58) -> 183786
A61: Part C: Net Income
A62: 1. | B62: Income (Loss) | C62: =C25-C59 -> 0 | D62: =D25-D59 -> -183786 | E62: =E25-E59 -> 0 | F62: =SUM(C62:E62) -> -183786

Sheet Alliant National Title Ins Co
A1: NEW MEXICO TITLE INSURANCE UNDERWRITERS STATISTICAL REPORT
A2: FORM 1: STATEMENT OF INCOME AND EXPENSES
A3: For Calendar Year Ending December 31, 2023
A4: NEW MEXICO EXPERIENCE ONLY
B5: Insurance Company: | C5: Alliant National Title Insurance Company, Inc.
B6: NAIC Code: | C6: 12309
D8: Yes | E8: No
C9: Do you have direct operations or affiliated agencies in New Mexico? | E9: No
C11: If you DO have direct operations or affiliated agencies in New Mexico,
B12: are the expenses that are reported by those direct operations or affiliated agencies on their Agent Statistical Reports also included on Part B below? | D12: Yes | E12: No
D13: N/A | E13: N/A
H14: Total Other | I14: NAIC
D15: Non-Affiliated | E15: Affiliated | H15: Income From | I15: Annual
C16: Direct | D16: Agency | E16: Agency | H16: Direct | I16: Statement
C17: Operations | D17: Operations | E17: Operations | F17: Total | H17: Operation ASR | I17: Schedule T | J17: Difference
A18: Part A: Revenue
A19: 1. | B19: Direct premiums written | C19: 0 | D19: 2740088 | E19: 0 | F19: =SUM(C19:E19) -> 2740088 | I19: 2740088 | J19: =F19-I19 -> 0
A20: 2. | B20: Direct premiums written that are retained by agent | C20: 0 | D20: 2145356 | E20: 0 | F20: =SUM(C20:E20) -> 2145356
A21: 3. | B21: Direct premiums written that are remitted to underwriter | C21: =C19-C20 -> 0 | D21: =D19-D20 -> 594732 | E21: =E19-E20 -> 0 | F21: =SUM(C21:E21) -> 594732
A22: 4. | B22: Escrow and settlement service charges | C22: 0 | D22: 0 | E22: 0 | F22: =SUM(C22:E22) -> 0
A23: 5. | B23: Other title fees and service charges | C23: 0 | D23: 0 | E23: 0 | F23: =SUM(C23:E23) -> 0
A24: 6. | B24: Total Other Income | C24: =C22+C23 -> 0 | D24: =D22+D23 -> 0 | E24: =E22+E23 -> 0 | F24: =SUM(C24:E24) -> 0 | H24: 0 | I24: 0 | J24: =F24+H24-I24 -> 0
A25: 7. | B25: Total Revenue | C25: =C21+C24 -> 0 | D25: =D21+D24 -> 594732 | E25: =E21+E24 -> 0 | F25: =SUM(C25:E25) -> 594732
A27: For underwriters that charge rates below the promulgated rates: | I27: From Form 3 | J27: Difference
A28: 8. | B28: Direct premiums as if they had been written at promulgated rates | C28: 0 | D28: 0 | E28: 0 | F28: =SUM(C28:E28) -> 0 | I28: 0 | J28: =F28-I28 -> 0
A30: Part B: Corporate Expenses
A32: Line 1 as defined per NAIC Annual Statement, STATEMENT OF INCOME Exhibit.
A33: Lines 2 through 22 as defined per NAIC Annual Statement, EXPENSES Exhibit.
A35: All entries should show NEW MEXICO expenses only and should NOT show any expenses reported by a direct or affiliated operation on their Agent Statistical Reports.
A37: 1. | B37: Losses and loss adjustment expenses incurred | C37: 0 | D37: 23671.578 | E37: 0 | F37: =SUM(C37:E37) -> 23671.578
A38: 2. | B38: Total personnel costs | C38: 0 | D38: 188545.15 | E38: 0 | F38: =SUM(C38:E38) -> 188545.15
A39: 3. | B39: Total production services purchased outside | C39: 0 | D39: 0 | E39: 0 | F39: =SUM(C39:E39) -> 0
A40: 4. | B40: Advertising | C40: 0 | D40: 1023.6355 | E40: 0 | F40: =SUM(C40:E40) -> 1023.6355
A41: 5. | B41: Boards, bureaus and associations | C41: 0 | D41: 4405.2502 | E41: 0 | F41: =SUM(C41:E41) -> 4405.2502
A42: 6. | B42: Title plant rent and maintenance | C42: 0 | D42: 0 | E42: 0 | F42: =SUM(C42:E42) -> 0
A43: 7. | B43: Claim adjustment services | C43: 0 | D43: 0 | E43: 0 | F43: =SUM(C43:E43) -> 0
A44: 8. | B44: Amounts charged off, net of recoveries | C44: 0 | D44: 0 | E44: 0 | F44: =SUM(C44:E44) -> 0
A45: 9. | B45: Marketing and promotional expenses | C45: 0 | D45: 1064.9835 | E45: 0 | F45: =SUM(C45:E45) -> 1064.9835
A46: 10. | B46: Insurance | C46: 0 | D46: 9774.5369 | E46: 0 | F46: =SUM(C46:E46) -> 9774.5369
A47: 11. | B47: Directors' fees | C47: 0 | D47: 2204.159 | E47: 0 | F47: =SUM(C47:E47) -> 2204.159
A48: 12. | B48: Travel and travel items | C48: 0 | D48: 5008.7411 | E48: 0 | F48: =SUM(C48:E48) -> 5008.7411
... A58: 22. | B58: Aggregate write-ins for miscellaneous expenses | C58: 0 | D58: 28595.617 | E58: 0 | F58: =SUM(C58:E58) -> 28595.617
A59: 23. | B59: Total Corporate Expenses | C59: =SUM(C37:C58) -> 0 | D59: =SUM(D37:D58) -> 397681.48 | E59: =SUM(E37:E58) -> 0 | F59: =SUM(F37:F58) -> 397681.48
A61: Part C: Net Income
A62: 1. | B62: Income (Loss) | C62: =C25-C59 -> 0 | D62: =D25-D59 -> 197050.52 | E62: =E25-E59 -> 0 | F62: =SUM(C62:E62) -> 197050.52

Sheet American Digital Title Ins Co
A1: NEW MEXICO TITLE INSURANCE UNDERWRITERS STATISTICAL REPORT
A2: FORM 1: STATEMENT OF INCOME AND EXPENSES
A3: For Calendar Year Ending December 31, 2023
A4: NEW MEXICO EXPERIENCE ONLY
B5: Insurance Company: | C5: American Digital Title Insurance Company
B6: NAIC Code: | C6: 11865
D8: Yes | E8: No
C9: Do you have direct operations or affiliated agencies in New Mexico? | E9: X
C11: If you DO have direct operations or affiliated agencies in New Mexico,
B12: are the expenses that are reported by those direct operations or affiliated agencies on their Agent Statistical Reports also included on Part B below? | D12: Yes | E12: No
H14: Total Other | I14: NAIC
D15: Non-Affiliated | E15: Affiliated | H15: Income From | I15: Annual
C16: Direct | D16: Agency | E16: Agency | H16: Direct | I16: Statement
C17: Operations | D17: Operations | E17: Operations | F17: Total | H17: Operation ASR | I17: Schedule T | J17: Difference
A18: Part A: Revenue
A19: 1. | B19: Direct premiums written | C19: 0 | D19: 0 | E19: 0 | F19: =SUM(C19:E19) -> 0 | I19: 0 | J19: =F19-I19 -> 0
A20: 2. | B20: Direct premiums written that are retained by agent | C20: 0 | D20: 0 | E20: 0 | F20: =SUM(C20:E20) -> 0
A21: 3. | B21: Direct premiums written that are remitted to underwriter | C21: =C19-C20 -> 0 | D21: =D19-D20 -> 0 | E21: =E19-E20 -> 0 | F21: =SUM(C21:E21) -> 0
A22: 4. | B22: Escrow and settlement service charges | C22: 0 | D22: 0 | E22: 0 | F22: =SUM(C22:E22) -> 0
A23: 5. | B23: Other title fees and service charges | C23: 0 | D23: 0 | E23: 0 | F23: =SUM(C23:E23) -> 0
A24: 6. | B24: Total Other Income | C24: =C22+C23 -> 0 | D24: =D22+D23 -> 0 | E24: =E22+E23 -> 0 | F24: =SUM(C24:E24) -> 0 | H24: 0 | I24: 0 | J24: =F24+H24-I24 -> 0
A25: 7. | B25: Total Revenue | C25: =C21+C24 -> 0 | D25: =D21+D24 -> 0 | E25: =E21+E24 -> 0 | F25: =SUM(C25:E25) -> 0
A27: For underwriters that charge rates below the promulgated rates: | I27: From Form 3 | J27: Difference
A28: 8. | B28: Direct premiums as if they had been written at promulgated rates | C28: 0 | D28: 0 | E28: 0 | F28: =SUM(C28:E28) -> 0 | I28: 0 | J28: =F28-I28 -> 0
A30: Part B: Corporate Expenses
A32: Line 1 as defined per NAIC Annual Statement, STATEMENT OF INCOME Exhibit.
A33: Lines 2 through 22 as defined per NAIC Annual Statement, EXPENSES Exhibit.
A35: All entries should show NEW MEXICO expenses only and should NOT show any expenses reported by a direct or affiliated operation on their Agent Statistical Reports.
A37: 1. | B37: Losses and loss adjustment expenses incurred | C37: 0 | D37: 0 | E37: 0 | F37: =SUM(C37:E37) -> 0
A38: 2. | B38: Total personnel costs | C38: 0 | D38: 0 | E38: 0 | F38: =SUM(C38:E38) -> 0
A39: 3. | B39: Total production services purchased outside | C39: 0 | D39: 0 | E39: 0 | F39: =SUM(C39:E39) -> 0
A40: 4. | B40: Advertising | C40: 0 | D40: 0 | E40: 0 | F40: =SUM(C40:E40) -> 0
A41: 5. | B41: Boards, bureaus and associations | C41: 0 | D41: 0 | E41: 0 | F41: =SUM(C41:E41) -> 0
A42: 6. | B42: Title plant rent and maintenance | C42: 0 | D42: 0 | E42: 0 | F42: =SUM(C42:E42) -> 0
A43: 7. | B43: Claim adjustment services | C43: 0 | D43: 0 | E43: 0 | F43: =SUM(C43:E43) -> 0
A44: 8. | B44: Amounts charged off, net of recoveries | C44: 0 | D44: 0 | E44: 0 | F44: =SUM(C44:E44) -> 0
A45: 9. | B45: Marketing and promotional expenses | C45: 0 | D45: 0 | E45: 0 | F45: =SUM(C45:E45) -> 0
A46: 10. | B46: Insurance | C46: 0 | D46: 0 | E46: 0 | F46: =SUM(C46:E46) -> 0
A47: 11. | B47: Directors' fees | C47: 0 | D47: 0 | E47: 0 | F47: =SUM(C47:E47) -> 0
A48: 12. | B48: Travel and travel items | C48: 0 | D48: 0 | E48: 0 | F48: =SUM(C48:E48) -> 0
... A58: 22. | B58: Aggregate write-ins for miscellaneous expenses | C58: 0 | D58: 0 | E58: 0 | F58: =SUM(C58:E58) -> 0
A59: 23. | B59: Total Corporate Expenses | C59: =SUM(C37:C58) -> 0 | D59: =SUM(D37:D58) -> 0 | E59: =SUM(E37:E58) -> 0 | F59: =SUM(F37:F58) -> 0
A61: Part C: Net Income
A62: 1. | B62: Income (Loss) | C62: =C25-C59 -> 0 | D62: =D25-D59 -> 0 | E62: =E25-E59 -> 0 | F62: =SUM(C62:E62) -> 0

Sheet AmTrust Title Insurance Co
A1: NEW MEXICO TITLE INSURANCE UNDERWRITERS STATISTICAL REPORT
A2: FORM 1: STATEMENT OF INCOME AND EXPENSES
A3: For Calendar Year Ending December 31, 2023
A4: NEW MEXICO EXPERIENCE ONLY
B5: Insurance Company: | C5: AmTrust Title Insurance Company
B6: NAIC Code: | C6: 51578
D8: Yes | E8: No
C9: Do you have direct operations or affiliated agencies in New Mexico? | D9: Yes
C11: If you DO have direct operations or affiliated agencies in New Mexico,
B12: are the expenses that are reported by those direct operations or affiliated agencies on their Agent Statistical Reports also included on Part B below? | D12: Yes | E12: No
D13: Yes
H14: Total Other | I14: NAIC
D15: Non-Affiliated | E15: Affiliated | H15: Income From | I15: Annual
C16: Direct | D16: Agency | E16: Agency | H16: Direct | I16: Statement
C17: Operations | D17: Operations | E17: Operations | F17: Total | H17: Operation ASR | I17: Schedule T | J17: Difference
A18: Part A: Revenue
A19: 1. | B19: Direct premiums written | C19: 0 | D19: 13674786 | E19: 3629 | F19: =SUM(C19:E19) -> 13678415 | I19: 13678415 | J19: =F19-I19 -> 0
A20: 2. | B20: Direct premiums written that are retained by agent | C20: 0 | D20: 4432750 | E20: 2903 | F20: =SUM(C20:E20) -> 4435653
A21: 3. | B21: Direct premiums written that are remitted to underwriter | C21: =C19-C20 -> 0 | D21: =D19-D20 -> 9242036 | E21: =E19-E20 -> 726 | F21: =SUM(C21:E21) -> 9242762
A22: 4. | B22: Escrow and settlement service charges | C22: 0 | D22: 350327 | E22: 0 | F22: =SUM(C22:E22) -> 350327
A23: 5. | B23: Other title fees and service charges | C23: 0 | E23: 0 | F23: =SUM(C23:E23) -> 0
A24: 6. | B24: Total Other Income | C24: =C22+C23 -> 0 | D24: =D22+D23 -> 350327 | E24: =E22+E23 -> 0 | F24: =SUM(C24:E24) -> 350327 | H24: 0 | I24: 350327 | J24: =F24+H24-I24 -> 0
A25: 7. | B25: Total Revenue | C25: =C21+C24 -> 0 | D25: =D21+D24 -> 9592363 | E25: =E21+E24 -> 726 | F25: =SUM(C25:E25) -> 9593089
A27: For underwriters that charge rates below the promulgated rates: | I27: From Form 3 | J27: Difference
A28: 8. | B28: Direct premiums as if they had been written at promulgated rates | C28: 0 | D28: 0 | E28: 0 | F28: =SUM(C28:E28) -> 0 | I28: 0 | J28: =F28-I28 -> 0
A30: Part B: Corporate Expenses
A32: Line 1 as defined per NAIC Annual Statement, STATEMENT OF INCOME Exhibit.
A33: Lines 2 through 22 as defined per NAIC Annual Statement, EXPENSES Exhibit.
A35: All entries should show NEW MEXICO expenses only and should NOT show any expenses reported by a direct or affiliated operation on their Agent Statistical Reports.
A37: 1. | B37: Losses and loss adjustment expenses incurred | C37: 0 | D37: 0 | E37: 0 | F37: =SUM(C37:E37) -> 0
A38: 2. | B38: Total personnel costs | C38: 0 | D38: 2515758 | E38: 850 | F38: =SUM(C38:E38) -> 2516608
A39: 3. | B39: Total production services purchased outside | C39: 0 | D39: 4321390 | E39: 0 | F39: =SUM(C39:E39) -> 4321390
A40: 4. | B40: Advertising | C40: 0 | D40: 15194 | E40: 5 | F40: =SUM(C40:E40) -> 15199
A41: 5. | B41: Boards, bureaus and associations | C41: 0 | D41: 88518 | E41: 30 | F41: =SUM(C41:E41) -> 88548
A42: 6. | B42: Title plant rent and maintenance | C42: 0 | D42: 7353 | E42: 2 | F42: =SUM(C42:E42) -> 7355
A43: 7. | B43: Claim adjustment services | C43: 0 | D43: 0 | E43: 0 | F43: =SUM(C43:E43) -> 0
A44: 8. | B44: Amounts charged off, net of recoveries | C44: 0 | D44: 0 | E44: 0 | F44: =SUM(C44:E44) -> 0
A45: 9. | B45: Marketing and promotional expenses | C45: 0 | D45: 9964 | E45: 3 | F45: =SUM(C45:E45) -> 9967
A46: 10. | B46: Insurance | C46: 0 | D46: 10398 | E46: 4 | F46: =SUM(C46:E46) -> 10402
A47: 11. | B47: Directors' fees | C47: 0 | D47: 0 | E47: 0 | F47: =SUM(C47:E47) -> 0
A48: 12. | B48: Travel and travel items | C48: 0 | D48: 91739 | E48: 31 | F48: =SUM(C48:E48) -> 91770
... A58: 22. | B58: Aggregate write-ins for miscellaneous expenses | C58: 0 | D58: 243963 | E58: 82 | F58: =SUM(C58:E58) -> 244045
A59: 23. | B59: Total Corporate Expenses | C59: =SUM(C37:C58) -> 0 | D59: =SUM(D37:D58) -> 8092092 | E59: =SUM(E37:E58) -> 1241 | F59: =SUM(F37:F58) -> 8093333
A61: Part C: Net Income
A62: 1. | B62: Income (Loss) | C62: =C25-C59 -> 0 | D62: =D25-D59 -> 1500271 | E62: =E25-E59 -> -515 | F62: =SUM(C62:E62) -> 1499756

Sheet Chicago Title Insurance Company
A1: NEW MEXICO TITLE INSURANCE UNDERWRITERS STATISTICAL REPORT
A2: FORM 1: STATEMENT OF INCOME AND EXPENSES
A3: For Calendar Year Ending December 31, 2023
A4: NEW MEXICO EXPERIENCE ONLY
B5: Insurance Company: | C5: Chicago Title Insurance Company
B6: NAIC Code: | C6: 50229
D8: Yes | E8: No
C9: Do you have direct operations or affiliated agencies in New Mexico? | D9: X
C11: If you DO have direct operations or affiliated agencies in New Mexico,
B12: are the expenses that are reported by those direct operations or affiliated agencies on their Agent Statistical Reports also included on Part B below? | D12: Yes | E12: No
E13: X
H14: Total Other | I14: NAIC
D15: Non-Affiliated | E15: Affiliated | H15: Income From | I15: Annual
C16: Direct | D16: Agency | E16: Agency | H16: Direct | I16: Statement
C17: Operations | D17: Operations | E17: Operations | F17: Total | H17: Operation ASR | I17: Schedule T | J17: Difference
A18: Part A: Revenue
A19: 1. | B19: Direct premiums written | C19: 0 | D19: 7066433 | E19: 2553759 | F19: =SUM(C19:E19) -> 9620192 | I19: 9620192 | J19: =F19-I19 -> 0
A20: 2. | B20: Direct premiums written that are retained by agent | C20: 0 | D20: 4241416 | E20: 2043007 | F20: =SUM(C20:E20) -> 6284423
A21: 3. | B21: Direct premiums written that are remitted to underwriter | C21: =C19-C20 -> 0 | D21: =D19-D20 -> 2825017 | E21: =E19-E20 -> 510752 | F21: =SUM(C21:E21) -> 3335769
A22: 4. | B22: Escrow and settlement service charges | C22: 8511 | D22: 0 | E22: 0 | F22: =SUM(C22:E22) -> 8511
A23: 5. | B23: Other title fees and service charges | C23: 18729 | D23: 0 | E23: 0 | F23: =SUM(C23:E23) -> 18729
A24: 6. | B24: Total Other Income | C24: =C22+C23 -> 27240 | D24: =D22+D23 -> 0 | E24: =E22+E23 -> 0 | F24: =SUM(C24:E24) -> 27240 | H24: 0 | I24: 27240 | J24: =F24+H24-I24 -> 0
A25: 7. | B25: Total Revenue | C25: =C21+C24 -> 27240 | D25: =D21+D24 -> 2825017 | E25: =E21+E24 -> 510752 | F25: =SUM(C25:E25) -> 3363009
A27: For underwriters that charge rates below the promulgated rates: | I27: From Form 3 | J27: Difference
A28: 8. | B28: Direct premiums as if they had been written at promulgated rates | C28: 0 | D28: 0 | E28: 0 | F28: =SUM(C28:E28) -> 0 | I28: 0 | J28: =F28-I28 -> 0
A30: Part B: Corporate Expenses
A32: Line 1 as defined per NAIC Annual Statement, STATEMENT OF INCOME Exhibit.
A33: Lines 2 through 22 as defined per NAIC Annual Statement, EXPENSES Exhibit.
A35: All entries should show NEW MEXICO expenses only and should NOT show any expenses reported by a direct or affiliated operation on their Agent Statistical Reports.
A37: 1. | B37: Losses and loss adjustment expenses incurred | C37: 0 | D37: 220647 | E37: 0 | F37: =SUM(C37:E37) -> 220647
A38: 2. | B38: Total personnel costs | C38: 21486 | D38: 494870 | E38: 31568 | F38: =SUM(C38:E38) -> 547924
A39: 3. | B39: Total production services purchased outside | C39: 33 | D39: 233786 | E39: -17 | F39: =SUM(C39:E39) -> 233802
A40: 4. | B40: Advertising | C40: 1698 | D40: 1477 | E40: 227 | F40: =SUM(C40:E40) -> 3402
A41: 5. | B41: Boards, bureaus and associations | C41: 22 | D41: 8491 | E41: 37 | F41: =SUM(C41:E41) -> 8550
A42: 6. | B42: Title plant rent and maintenance | C42: 0 | D42: 2816 | E42: 509 | F42: =SUM(C42:E42) -> 3325
A43: 7. | B43: Claim adjustment services | C43: 0 | D43: 0 | E43: 0 | F43: =SUM(C43:E43) -> 0
A44: 8. | B44: Amounts charged off, net of recoveries | C44: 10 | D44: 1037 | E44: 572 | F44: =SUM(C44:E44) -> 1619
A45: 9. | B45: Marketing and promotional expenses | C45: 15 | D45: 245 | E45: 22 | F45: =SUM(C45:E45) -> 282
A46: 10. | B46: Insurance | C46: 384 | D46: 9790 | E46: 574 | F46: =SUM(C46:E46) -> 10748
A47: 11. | B47: Directors' fees | C47: 0 | D47: 0 | E47: 0 | F47: =SUM(C47:E47) -> 0
A48: 12. | B48: Travel and travel items | C48: 244 | D48: 14179 | E48: 913 | F48: =SUM(C48:E48) -> 15336
... A58: 22. | B58: Aggregate write-ins for miscellaneous expenses | C58: 1031 | D58: -7813 | E58: 383 | F58: =SUM(C58:E58) -> -6399
A59: 23. | B59: Total Corporate Expenses | C59: =SUM(C37:C58) -> 29824 | D59: =SUM(D37:D58) -> 1426678 | E59: =SUM(E37:E58) -> 162665 | F59: =SUM(F37:F58) -> 1619167
A61: Part C: Net Income
A62: 1. | B62: Income (Loss) | C62: =C25-C59 -> -2584 | D62: =D25-D59 -> 1398339 | E62: =E25-E59 -> 348087 | F62: =SUM(C62:E62) -> 1743842

Sheet Commonwealth Land Title Ins Co
A1: NEW MEXICO TITLE INSURANCE UNDERWRITERS STATISTICAL REPORT
A2: FORM 1: STATEMENT OF INCOME AND EXPENSES
A3: For Calendar Year Ending December 31, 2023
A4: NEW MEXICO EXPERIENCE ONLY
B5: Insurance Company: | C5: Commonwealth Land Title Insurance Company
B6: NAIC Code: | C6: 50083
D8: Yes | E8: No
C9: Do you have direct operations or affiliated agencies in New Mexico? | D9: x
C11: If you DO have direct operations or affiliated agencies in New Mexico,
B12: are the expenses that are reported by those direct operations or affiliated agencies on their Agent Statistical Reports also included on Part B below? | D12: Yes | E12: No
E13: x
H14: Total Other | I14: NAIC
D15: Non-Affiliated | E15: Affiliated | H15: Income From | I15: Annual
C16: Direct | D16: Agency | E16: Agency | H16: Direct | I16: Statement
C17: Operations | D17: Operations | E17: Operations | F17: Total | H17: Operation ASR | I17: Schedule T | J17: Difference
A18: Part A: Revenue
A19: 1. | B19: Direct premiums written | C19: 0 | D19: 3461985 | E19: 1536843 | F19: =SUM(C19:E19) -> 4998828 | I19: 4998828 | J19: =F19-I19 -> 0
A20: 2. | B20: Direct premiums written that are retained by agent | C20: 0 | D20: 1882611 | E20: 1229474 | F20: =SUM(C20:E20) -> 3112085
A21: 3. | B21: Direct premiums written that are remitted to underwriter | C21: =C19-C20 -> 0 | D21: =D19-D20 -> 1579374 | E21: =E19-E20 -> 307369 | F21: =SUM(C21:E21) -> 1886743
A22: 4. | B22: Escrow and settlement service charges | C22: 4619 | D22: 0 | E22: 0 | F22: =SUM(C22:E22) -> 4619
A23: 5. | B23: Other title fees and service charges | C23: 2059 | D23: 0 | E23: 0 | F23: =SUM(C23:E23) -> 2059
A24: 6. | B24: Total Other Income | C24: =C22+C23 -> 6678 | D24: =D22+D23 -> 0 | E24: =E22+E23 -> 0 | F24: =SUM(C24:E24) -> 6678 | H24: 0 | I24: 6678 | J24: =F24+H24-I24 -> 0
A25: 7. | B25: Total Revenue | C25: =C21+C24 -> 6678 | D25: =D21+D24 -> 1579374 | E25: =E21+E24 -> 307369 | F25: =SUM(C25:E25) -> 1893421
A27: For underwriters that charge rates below the promulgated rates: | I27: From Form 3 | J27: Difference
A28: 8. | B28: Direct premiums as if they had been written at promulgated rates | C28: 0 | D28: 0 | E28: 0 | F28: =SUM(C28:E28) -> 0 | I28: 0 | J28: =F28-I28 -> 0
A30: Part B: Corporate Expenses
A32: Line 1 as defined per NAIC Annual Statement, STATEMENT OF INCOME Exhibit.
A33: Lines 2 through 22 as defined per NAIC Annual Statement, EXPENSES Exhibit.
A35: All entries should show NEW MEXICO expenses only and should NOT show any expenses reported by a direct or affiliated operation on their Agent Statistical Reports.
A37: 1. | B37: Losses and loss adjustment expenses incurred | C37: 1007.1206 | D37: 102369.09 | E37: 0 | F37: =SUM(C37:E37) -> 103376.21
A38: 2. | B38: Total personnel costs | C38: 3023.2233 | D38: 110307.79 | E38: 10535.944 | F38: =SUM(C38:E38) -> 123866.96
A39: 3. | B39: Total production services purchased outside | C39: 467.40253 | D39: 156.03146 | E39: -136.052 | F39: =SUM(C39:E39) -> 487.38199
A40: 4. | B40: Advertising | C40: 18.189496 | D40: 4003.7741 | E40: 120.72539 | F40: =SUM(C40:E40) -> 4142.689
A41: 5. | B41: Boards, bureaus and associations | C41: 10.26507 | D41: 16673.853 | E41: 10.141117 | F41: =SUM(C41:E41) -> 16694.259
A42: 6. | B42: Title plant rent and maintenance | C42: -134.7851 | D42: 19136.096 | E42: 420.50958 | F42: =SUM(C42:E42) -> 19421.821
A43: 7. | B43: Claim adjustment services | C43: 0 | D43: 0 | E43: 0 | F43: =SUM(C43:E43) -> 0
A44: 8. | B44: Amounts charged off, net of recoveries | C44: 7.4233977 | D44: -0.6 | E44: 0 | F44: =SUM(C44:E44) -> 6.8233977
A45: 9. | B45: Marketing and promotional expenses | C45: 55.081773 | D45: 124.84989 | E45: 23.136977 | F45: =SUM(C45:E45) -> 203.06864
A46: 10. | B46: Insurance | C46: 33.998254 | D46: 3828.8719 | E46: 339.94264 | F46: =SUM(C46:E46) -> 4202.8128
A47: 11. | B47: Directors' fees | C47: 0 | D47: 0 | E47: 0 | F47: =SUM(C47:E47) -> 0
A48: 12. | B48: Travel and travel items | C48: 390.90592 | D48: 17000.378 | E48: 400.24239 | F48: =SUM(C48:E48) -> 17791.526
... A58: 22. | B58: Aggregate write-ins for miscellaneous expenses | C58: 85.925338 | D58: 25486 | E58: -281.08454 | F58: =SUM(C58:E58) -> 25290.841
A59: 23. | B59: Total Corporate Expenses | C59: =SUM(C37:C58) -> 5447.6287 | D59: =SUM(D37:D58) -> 530285.9 | E59: =SUM(E37:E58) -> 85802.049 | F59: =SUM(F37:F58) -> 621535.58
A61: Part C: Net Income
A62: 1. | B62: Income (Loss) | C62: =C25-C59 -> 1230.3713 | D62: =D25-D59 -> 1049088.1 | E62: =E25-E59 -> 221566.95 | F62: =SUM(C62:E62) -> 1271885.4

Sheet DHI Title Insurance Company
A1: NEW MEXICO TITLE INSURANCE UNDERWRITERS STATISTICAL REPORT
A2: FORM 1: STATEMENT OF INCOME AND EXPENSES
A3: For Calendar Year Ending December 31, 2023
A4: NEW MEXICO EXPERIENCE ONLY
B5: Insurance Company: | C5: DHI Title Insurance Company
B6: NAIC Code: | C6: 16832
D8: Yes | E8: No
C9: Do you have direct operations or affiliated agencies in New Mexico? | D9: X
C11: If you DO have direct operations or affiliated agencies in New Mexico,
B12: are the expenses that are reported by those direct operations or affiliated agencies on their Agent Statistical Reports also included on Part B below? | D12: Yes | E12: No
D13: X
H14: Total Other | I14: NAIC
D15: Non-Affiliated | E15: Affiliated | H15: Income From | I15: Annual
C16: Direct | D16: Agency | E16: Agency | H16: Direct | I16: Statement
C17: Operations | D17: Operations | E17: Operations | F17: Total | H17: Operation ASR | I17: Schedule T | J17: Difference
A18: Part A: Revenue
A19: 1. | B19: Direct premiums written | C19: 0 | D19: 0 | E19: 347720 | F19: =SUM(C19:E19) -> 347720 | I19: 347720 | J19: =F19-I19 -> 0
A20: 2. | B20: Direct premiums written that are retained by agent | C20: 0 | D20: 0 | E20: 278176 | F20: =SUM(C20:E20) -> 278176
A21: 3. | B21: Direct premiums written that are remitted to underwriter | C21: =C19-C20 -> 0 | D21: =D19-D20 -> 0 | E21: =E19-E20 -> 69544 | F21: =SUM(C21:E21) -> 69544
A22: 4. | B22: Escrow and settlement service charges | C22: 0 | D22: 0 | E22: 0 | F22: =SUM(C22:E22) -> 0
A23: 5. | B23: Other title fees and service charges | C23: 0 | D23: 0 | E23: 0 | F23: =SUM(C23:E23) -> 0
A24: 6. | B24: Total Other Income | C24: =C22+C23 -> 0 | D24: =D22+D23 -> 0 | E24: =E22+E23 -> 0 | F24: =SUM(C24:E24) -> 0 | H24: 0 | I24: 0 | J24: =F24+H24-I24 -> 0
A25: 7. | B25: Total Revenue | C25: =C21+C24 -> 0 | D25: =D21+D24 -> 0 | E25: =E21+E24 -> 69544 | F25: =SUM(C25:E25) -> 69544
A27: For underwriters that charge rates below the promulgated rates: | I27: From Form 3 | J27: Difference
A28: 8. | B28: Direct premiums as if they had been written at promulgated rates | C28: 0 | D28: 0 | E28: 347720 | F28: =SUM(C28:E28) -> 347720 | I28: 347720 | J28: =F28-I28 -> 0
A30: Part B: Corporate Expenses
A32: Line 1 as defined per NAIC Annual Statement, STATEMENT OF INCOME Exhibit.
A33: Lines 2 through 22 as defined per NAIC Annual Statement, EXPENSES Exhibit.
A35: All entries should show NEW MEXICO expenses only and should NOT show any expenses reported by a direct or affiliated operation on their Agent Statistical Reports.
A37: 1. | B37: Losses and loss adjustment expenses incurred | C37: 0 | D37: 0 | E37: 0 | F37: =SUM(C37:E37) -> 0
A38: 2. | B38: Total personnel costs | C38: 0 | D38: 0 | E38: 5781 | F38: =SUM(C38:E38) -> 5781
A39: 3. | B39: Total production services purchased outside | C39: 0 | D39: 0 | E39: 0 | F39: =SUM(C39:E39) -> 0
A40: 4. | B40: Advertising | C40: 0 | D40: 0 | E40: 0 | F40: =SUM(C40:E40) -> 0
A41: 5. | B41: Boards, bureaus and associations | C41: 0 | D41: 0 | E41: 0 | F41: =SUM(C41:E41) -> 0
A42: 6. | B42: Title plant rent and maintenance | C42: 0 | D42: 0 | E42: 0 | F42: =SUM(C42:E42) -> 0
A43: 7. | B43: Claim adjustment services | C43: 0 | D43: 0 | E43: 181 | F43: =SUM(C43:E43) -> 181
A44: 8. | B44: Amounts charged off, net of recoveries | C44: 0 | D44: 0 | E44: 0 | F44: =SUM(C44:E44) -> 0
A45: 9. | B45: Marketing and promotional expenses | C45: 0 | D45: 0 | E45: 4 | F45: =SUM(C45:E45) -> 4
A46: 10. | B46: Insurance | C46: 0 | D46: 0 | E46: 0 | F46: =SUM(C46:E46) -> 0
A47: 11. | B47: Directors' fees | C47: 0 | D47: 0 | E47: 0 | F47: =SUM(C47:E47) -> 0
A48: 12. | B48: Travel and travel items | C48: 0 | D48: 0 | E48: 31 | F48: =SUM(C48:E48) -> 31
... A58: 22. | B58: Aggregate write-ins for miscellaneous expenses | C58: 0 | D58: 0 | E58: 60 | F58: =SUM(C58:E58) -> 60
A59: 23. | B59: Total Corporate Expenses | C59: =SUM(C37:C58) -> 0 | D59: =SUM(D37:D58) -> 0 | E59: =SUM(E37:E58) -> 19530 | F59: =SUM(F37:F58) -> 19530
A61: Part C: Net Income
A62: 1. | B62: Income (Loss) | C62: =C25-C59 -> 0 | D62: =D25-D59 -> 0 | E62: =E25-E59 -> 50014 | F62: =SUM(C62:E62) -> 50014

Sheet Doma Title Insurance Inc
A1: NEW MEXICO TITLE INSURANCE UNDERWRITERS STATISTICAL REPORT
A2: FORM 1: STATEMENT OF INCOME AND EXPENSES
A3: For Calendar Year Ending December 31, 2023
A4: NEW MEXICO EXPERIENCE ONLY
B5: Insurance Company: | C5: Doma Title Insurance, Inc.
B6: NAIC Code: | C6: 50130
D8: Yes | E8: No
C9: Do you have direct operations or affiliated agencies in New Mexico? | E9: X
C11: If you DO have direct operations or affiliated agencies in New Mexico,
B12: are the expenses that are reported by those direct operations or affiliated agencies on their Agent Statistical Reports also included on Part B below? | D12: Yes | E12: No
H14: Total Other | I14: NAIC
D15: Non-Affiliated | E15: Affiliated | H15: Income From | I15: Annual
C16: Direct | D16: Agency | E16: Agency | H16: Direct | I16: Statement
C17: Operations | D17: Operations | E17: Operations | F17: Total | H17: Operation ASR | I17: Schedule T | J17: Difference
A18: Part A: Revenue
A19: 1. | B19: Direct premiums written | C19: 0 | D19: 0 | E19: 0 | F19: =SUM(C19:E19) -> 0 | I19: 0 | J19: =F19-I19 -> 0
A20: 2. | B20: Direct premiums written that are retained by agent | C20: 0 | D20: 0 | E20: 0 | F20: =SUM(C20:E20) -> 0
A21: 3. | B21: Direct premiums written that are remitted to underwriter | C21: =C19-C20 -> 0 | D21: =D19-D20 -> 0 | E21: =E19-E20 -> 0 | F21: =SUM(C21:E21) -> 0
A22: 4. | B22: Escrow and settlement service charges | C22: 0 | D22: 0 | E22: 0 | F22: =SUM(C22:E22) -> 0
A23: 5. | B23: Other title fees and service charges | C23: 0 | D23: 0 | E23: 0 | F23: =SUM(C23:E23) -> 0
A24: 6. | B24: Total Other Income | C24: =C22+C23 -> 0 | D24: =D22+D23 -> 0 | E24: =E22+E23 -> 0 | F24: =SUM(C24:E24) -> 0 | H24: 0 | I24: 0 | J24: =F24+H24-I24 -> 0
A25: 7. | B25: Total Revenue | C25: =C21+C24 -> 0 | D25: =D21+D24 -> 0 | E25: =E21+E24 -> 0 | F25: =SUM(C25:E25) -> 0
A27: For underwriters that charge rates below the promulgated rates: | I27: From Form 3 | J27: Difference
A28: 8. | B28: Direct premiums as if they had been written at promulgated rates | C28: 0 | D28: 0 | E28: 0 | F28: =SUM(C28:E28) -> 0 | I28: 0 | J28: =F28-I28 -> 0
A30: Part B: Corporate Expenses
A32: Line 1 as defined per NAIC Annual Statement, STATEMENT OF INCOME Exhibit.
A33: Lines 2 through 22 as defined per NAIC Annual Statement, EXPENSES Exhibit.
A35: All entries should show NEW MEXICO expenses only and should NOT show any expenses reported by a direct or affiliated operation on their Agent Statistical Reports.
A37: 1. | B37: Losses and loss adjustment expenses incurred | C37: 0 | D37: 0 | E37: 0 | F37: =SUM(C37:E37) -> 0
A38: 2. | B38: Total personnel costs | C38: 0 | D38: 0 | E38: 0 | F38: =SUM(C38:E38) -> 0
A39: 3. | B39: Total production services purchased outside | C39: 0 | D39: 0 | E39: 0 | F39: =SUM(C39:E39) -> 0
A40: 4. | B40: Advertising | C40: 0 | D40: 0 | E40: 0 | F40: =SUM(C40:E40) -> 0
A41: 5. | B41: Boards, bureaus and associations | C41: 0 | D41: 0 | E41: 0 | F41: =SUM(C41:E41) -> 0
A42: 6. | B42: Title plant rent and maintenance | C42: 0 | D42: 0 | E42: 0 | F42: =SUM(C42:E42) -> 0
A43: 7. | B43: Claim adjustment services | C43: 0 | D43: 0 | E43: 0 | F43: =SUM(C43:E43) -> 0
A44: 8. | B44: Amounts charged off, net of recoveries | C44: 0 | D44: 0 | E44: 0 | F44: =SUM(C44:E44) -> 0
A45: 9. | B45: Marketing and promotional expenses | C45: 0 | D45: 0 | E45: 0 | F45: =SUM(C45:E45) -> 0
A46: 10. | B46: Insurance | C46: 0 | D46: 0 | E46: 0 | F46: =SUM(C46:E46) -> 0
A47: 11. | B47: Directors' fees | C47: 0 | D47: 0 | E47: 0 | F47: =SUM(C47:E47) -> 0
A48: 12. | B48: Travel and travel items | C48: 0 | D48: 0 | E48: 0 | F48: =SUM(C48:E48) -> 0
... A58: 22. | B58: Aggregate write-ins for miscellaneous expenses | C58: 0 | D58: 0 | E58: 0 | F58: =SUM(C58:E58) -> 0
A59: 23. | B59: Total Corporate Expenses | C59: =SUM(C37:C58) -> 0 | D59: =SUM(D37:D58) -> 0 | E59: =SUM(E37:E58) -> 0 | F59: =SUM(F37:F58) -> 0
A61: Part C: Net Income
A62: 1. | B62: Income (Loss) | C62: =C25-C59 -> 0 | D62: =D25-D59 -> 0 | E62: =E25-E59 -> 0 | F62: =SUM(C62:E62) -> 0

Sheet Fidelity National Title Ins Co
A1: NEW MEXICO TITLE INSURANCE UNDERWRITERS STATISTICAL REPORT
A2: FORM 1: STATEMENT OF INCOME AND EXPENSES
A3: For Calendar Year Ending December 31, 2023
A4: NEW MEXICO EXPERIENCE ONLY
B5: Insurance Company: | C5: Fidelity National Title Insurance Company
B6: NAIC Code: | C6: 51586
D8: Yes | E8: No
C9: Do you have direct operations or affiliated agencies in New Mexico? | D9: X
C11: If you DO have direct operations or affiliated agencies in New Mexico,
B12: are the expenses that are reported by those direct operations or affiliated agencies on their Agent Statistical Reports also included on Part B below? | D12: Yes | E12: No
E13: X
H14: Total Other | I14: NAIC
D15: Non-Affiliated | E15: Affiliated | H15: Income From | I15: Annual
C16: Direct | D16: Agency | E16: Agency | H16: Direct | I16: Statement
C17: Operations | D17: Operations | E17: Operations | F17: Total | H17: Operation ASR | I17: Schedule T | J17: Difference
A18: Part A: Revenue
A19: 1. | B19: Direct premiums written | C19: 0 | D19: 8700853 | E19: 21264316 | F19: =SUM(C19:E19) -> 29965169 | I19: 29965169 | J19: =F19-I19 -> 0
A20: 2. | B20: Direct premiums written that are retained by agent | C20: 0 | D20: 5419484 | E20: 17011452 | F20: =SUM(C20:E20) -> 22430936
A21: 3. | B21: Direct premiums written that are remitted to underwriter | C21: =C19-C20 -> 0 | D21: =D19-D20 -> 3281369 | E21: =E19-E20 -> 4252864 | F21: =SUM(C21:E21) -> 7534233
A22: 4. | B22: Escrow and settlement service charges | C22: 102258 | D22: 0 | E22: 0 | F22: =SUM(C22:E22) -> 102258
A23: 5. | B23: Other title fees and service charges | C23: 121781 | D23: 0 | E23: 0 | F23: =SUM(C23:E23) -> 121781
A24: 6. | B24: Total Other Income | C24: =C22+C23 -> 224039 | D24: =D22+D23 -> 0 | E24: =E22+E23 -> 0 | F24: =SUM(C24:E24) -> 224039 | H24: 0 | I24: 224039 | J24: =F24+H24-I24 -> 0
A25: 7. | B25: Total Revenue | C25: =C21+C24 -> 224039 | D25: =D21+D24 -> 3281369 | E25: =E21+E24 -> 4252864 | F25: =SUM(C25:E25) -> 7758272
A27: For underwriters that charge rates below the promulgated rates: | I27: From Form 3 | J27: Difference
A28: 8. | B28: Direct premiums as if they had been written at promulgated rates | C28: 0 | D28: 0 | E28: 0 | F28: =SUM(C28:E28) -> 0 | I28: 0 | J28: =F28-I28 -> 0
A30: Part B: Corporate Expenses
A32: Line 1 as defined per NAIC Annual Statement, STATEMENT OF INCOME Exhibit.
A33: Lines 2 through 22 as defined per NAIC Annual Statement, EXPENSES Exhibit.
A35: All entries should show NEW MEXICO expenses only and should NOT show any expenses reported by a direct or affiliated operation on their Agent Statistical Reports.
A37: 1. | B37: Losses and loss adjustment expenses incurred | C37: 112697 | D37: 215473 | E37: -172198 | F37: =SUM(C37:E37) -> 155972
A38: 2. | B38: Total personnel costs | C38: 131114 | D38: 721028 | E38: 297640 | F38: =SUM(C38:E38) -> 1149782
A39: 3. | B39: Total production services purchased outside | C39: 28529 | D39: 1211 | E39: -596 | F39: =SUM(C39:E39) -> 29144
A40: 4. | B40: Advertising | C40: 282 | D40: 7108 | E40: 2243 | F40: =SUM(C40:E40) -> 9633
A41: 5. | B41: Boards, bureaus and associations | C41: 290 | D41: 10163 | E41: 373 | F41: =SUM(C41:E41) -> 10826
A42: 6. | B42: Title plant rent and maintenance | C42: 1348 | D42: 4079 | E42: 4816 | F42: =SUM(C42:E42) -> 10243
A43: 7. | B43: Claim adjustment services | C43: 0 | D43: 0 | E43: 0 | F43: =SUM(C43:E43) -> 0
A44: 8. | B44: Amounts charged off, net of recoveries | C44: 320 | D44: -15878 | E44: 0 | F44: =SUM(C44:E44) -> -15558
A45: 9. | B45: Marketing and promotional expenses | C45: 448 | D45: 12923 | E45: 418 | F45: =SUM(C45:E45) -> 13789
A46: 10. | B46: Insurance | C46: 1922 | D46: 24079 | E46: 5530 | F46: =SUM(C46:E46) -> 31531
A47: 11. | B47: Directors' fees | C47: 0 | D47: 0 | E47: 0 | F47: =SUM(C47:E47) -> 0
A48: 12. | B48: Travel and travel items | C48: 2827 | D48: 41810 | E48: 9249 | F48: =SUM(C48:E48) -> 53886
... A58: 22. | B58: Aggregate write-ins for miscellaneous expenses | C58: -15983 | D58: -46502 | E58: -75347 | F58: =SUM(C58:E58) -> -137832
A59: 23. | B59: Total Corporate Expenses | C59: =SUM(C37:C58) -> 297461 | D59: =SUM(D37:D58) -> 1607312 | E59: =SUM(E37:E58) -> 1215167 | F59: =SUM(F37:F58) -> 3119940
A61: Part C: Net Income
A62: 1. | B62: Income (Loss) | C62: =C25-C59 -> -73422 | D62: =D25-D59 -> 1674057 | E62: =E25-E59 -> 3037697 | F62: =SUM(C62:E62) -> 4638332

Sheet First American Title Ins Co
A1: NEW MEXICO TITLE INSURANCE UNDERWRITERS STATISTICAL REPORT
A2: FORM 1: STATEMENT OF INCOME AND EXPENSES
A3: For Calendar Year Ending December 31, 2023
A4: NEW MEXICO EXPERIENCE ONLY
B5: Insurance Company: | C5: First American Title Insurance Company
B6: NAIC Code: | C6: 50814
D8: Yes | E8: No
C9: Do you have direct operations or affiliated agencies in New Mexico? | D9: X
C11: If you DO have direct operations or affiliated agencies in New Mexico,
B12: are the expenses that are reported by those direct operations or affiliated agencies on their Agent Statistical Reports also included on Part B below? | D12: Yes | E12: No
E13: X
H14: Total Other | I14: NAIC
D15: Non-Affiliated | E15: Affiliated | H15: Income From | I15: Annual
C16: Direct | D16: Agency | E16: Agency | H16: Direct | I16: Statement
C17: Operations | D17: Operations | E17: Operations | F17: Total | H17: Operation ASR | I17: Schedule T | J17: Difference
A18: Part A: Revenue
A19: 1. | B19: Direct premiums written | C19: 10158093 | D19: 10346563 | E19: 6519232 | F19: =SUM(C19:E19) -> 27023888 | I19: 27023888 | J19: =F19-I19 -> 0.14
A20: 2. | B20: Direct premiums written that are retained by agent | C20: 7428897 | D20: 7982495.8 | E20: 5132411 | F20: =SUM(C20:E20) -> 20543804
A21: 3. | B21: Direct premiums written that are remitted to underwriter | C21: =C19-C20 -> 2729196 | D21: =D19-D20 -> 2364067.2 | E21: =E19-E20 -> 1386821 | F21: =SUM(C21:E21) -> 6480084.2
A22: 4. | B22: Escrow and settlement service charges | C22: 0 | D22: 0 | E22: 0 | F22: =SUM(C22:E22) -> 0
A23: 5. | B23: Other title fees and service charges | C23: 0 | D23: 0 | E23: 0 | F23: =SUM(C23:E23) -> 0
A24: 6. | B24: Total Other Income | C24: =C22+C23 -> 0 | D24: =D22+D23 -> 0 | E24: =E22+E23 -> 0 | F24: =SUM(C24:E24) -> 0 | H24: 0 | I24: 0 | J24: =F24+H24-I24 -> 0
A25: 7. | B25: Total Revenue | C25: =C21+C24 -> 2729196 | D25: =D21+D24 -> 2364067.2 | E25: =E21+E24 -> 1386821 | F25: =SUM(C25:E25) -> 6480084.2
A27: For underwriters that charge rates below the promulgated rates: | I27: From Form 3 | J27: Difference
A28: 8. | B28: Direct premiums as if they had been written at promulgated rates | C28: 0 | D28: 0 | E28: 0 | F28: =SUM(C28:E28) -> 0 | I28: 0 | J28: =F28-I28 -> 0
A30: Part B: Corporate Expenses
A32: Line 1 as defined per NAIC Annual Statement, STATEMENT OF INCOME Exhibit.
A33: Lines 2 through 22 as defined per NAIC Annual Statement, EXPENSES Exhibit.
A35: All entries should show NEW MEXICO expenses only and should NOT show any expenses reported by a direct or affiliated operation on their Agent Statistical Reports.
A37: 1. | B37: Losses and loss adjustment expenses incurred | C37: 155424 | D37: 341329 | E37: -31307.7 | F37: =SUM(C37:E37) -> 465445.3
A38: 2. | B38: Total personnel costs | C38: 0 | D38: 544207.6 | E38: 0 | F38: =SUM(C38:E38) -> 544207.6
A39: 3. | B39: Total production services purchased outside | C39: 0 | D39: 0 | E39: 0 | F39: =SUM(C39:E39) -> 0
A40: 4. | B40: Advertising | C40: 0 | D40: 13242.17 | E40: 0 | F40: =SUM(C40:E40) -> 13242.17
A41: 5. | B41: Boards, bureaus and associations | C41: 0 | D41: 16713.2 | E41: 0 | F41: =SUM(C41:E41) -> 16713.2
A42: 6. | B42: Title plant rent and maintenance | C42: 0 | D42: 91477.98 | E42: 0 | F42: =SUM(C42:E42) -> 91477.98
A43: 7. | B43: Claim adjustment services | C43: 0 | D43: 0 | E43: 0 | F43: =SUM(C43:E43) -> 0
A44: 8. | B44: Amounts charged off, net of recoveries | C44: 0 | D44: -15996.03 | E44: 0 | F44: =SUM(C44:E44) -> -15996.03
A45: 9. | B45: Marketing and promotional expenses | C45: 0 | D45: 25895.64 | E45: 0 | F45: =SUM(C45:E45) -> 25895.64
A46: 10. | B46: Insurance | C46: 0 | D46: 0 | E46: 0 | F46: =SUM(C46:E46) -> 0
A47: 11. | B47: Directors' fees | C47: 0 | D47: 0 | E47: 0 | F47: =SUM(C47:E47) -> 0
A48: 12. | B48: Travel and travel items | C48: 0 | D48: -3008.62 | E48: 0 | F48: =SUM(C48:E48) -> -3008.62
... A58: 22. | B58: Aggregate write-ins for miscellaneous expenses | C58: 0 | D58: 458.57 | E58: 0 | F58: =SUM(C58:E58) -> 458.57
A59: 23. | B59: Total Corporate Expenses | C59: =SUM(C37:C58) -> 864035.14 | D59: =SUM(D37:D58) -> 1621134.4 | E59: =SUM(E37:E58) -> 63061.35 | F59: =SUM(F37:F58) -> 2548230.8
A61: Part C: Net Income
A62: 1. | B62: Income (Loss) | C62: =C25-C59 -> 1865160.9 | D62: =D25-D59 -> 742932.83 | E62: =E25-E59 -> 1323759.6 | F62: =SUM(C62:E62) -> 3931853.3

Sheet First National Title Ins Co
A1: NEW MEXICO TITLE INSURANCE UNDERWRITERS STATISTICAL REPORT
A2: FORM 1: STATEMENT OF INCOME AND EXPENSES
A3: For Calendar Year Ending December 31, 2023
A4: NEW MEXICO EXPERIENCE ONLY
B5: Insurance Company: | C5: First National Title Insurance Company
B6: NAIC Code: | C6: 14240
D8: Yes | E8: No
C9: Do you have direct operations or affiliated agencies in New Mexico? | D9: X
C11: If you DO have direct operations or affiliated agencies in New Mexico,
B12: are the expenses that are reported by those direct operations or affiliated agencies on their Agent Statistical Reports also included on Part B below? | D12: Yes | E12: No
D13: X
H14: Total Other | I14: NAIC
D15: Non-Affiliated | E15: Affiliated | H15: Income From | I15: Annual
C16: Direct | D16: Agency | E16: Agency | H16: Direct | I16: Statement
C17: Operations | D17: Operations | E17: Operations | F17: Total | H17: Operation ASR | I17: Schedule T | J17: Difference
A18: Part A: Revenue
A19: 1. | B19: Direct premiums written | C19: 0 | D19: 588261 | E19: 2021186 | F19: =SUM(C19:E19) -> 2609447 | I19: 2609447 | J19: =F19-I19 -> 0
A20: 2. | B20: Direct premiums written that are retained by agent | C20: 0 | D20: 448398 | E20: 1621478 | F20: =SUM(C20:E20) -> 2069876
A21: 3. | B21: Direct premiums written that are remitted to underwriter | C21: =C19-C20 -> 0 | D21: =D19-D20 -> 139863 | E21: =E19-E20 -> 399708 | F21: =SUM(C21:E21) -> 539571
A22: 4. | B22: Escrow and settlement service charges | C22: 0 | D22: 0 | E22: 0 | F22: =SUM(C22:E22) -> 0
A23: 5. | B23: Other title fees and service charges | C23: 0 | D23: 0 | E23: 0 | F23: =SUM(C23:E23) -> 0
A24: 6. | B24: Total Other Income | C24: =C22+C23 -> 0 | D24: =D22+D23 -> 0 | E24: =E22+E23 -> 0 | F24: =SUM(C24:E24) -> 0 | H24: 0 | I24: 0 | J24: =F24+H24-I24 -> 0
A25: 7. | B25: Total Revenue | C25: =C21+C24 -> 0 | D25: =D21+D24 -> 139863 | E25: =E21+E24 -> 399708 | F25: =SUM(C25:E25) -> 539571
A27: For underwriters that charge rates below the promulgated rates: | I27: From Form 3 | J27: Difference
A28: 8. | B28: Direct premiums as if they had been written at promulgated rates | C28: 0 | D28: 0 | E28: 0 | F28: =SUM(C28:E28) -> 0 | I28: 0 | J28: =F28-I28 -> 0
A30: Part B: Corporate Expenses
A32: Line 1 as defined per NAIC Annual Statement, STATEMENT OF INCOME Exhibit.
A33: Lines 2 through 22 as defined per NAIC Annual Statement, EXPENSES Exhibit.
A35: All entries should show NEW MEXICO expenses only and should NOT show any expenses reported by a direct or affiliated operation on their Agent Statistical Reports.
A37: 1. | B37: Losses and loss adjustment expenses incurred | C37: 0 | D37: -6763.0739 | E37: -23237.016 | F37: =SUM(C37:E37) -> -30000.09
A38: 2. | B38: Total personnel costs | C38: 0 | D38: 12341.773 | E38: 42404.677 | F38: =SUM(C38:E38) -> 54746.45
A39: 3. | B39: Total production services purchased outside | C39: 0 | D39: 0 | E39: 0 | F39: =SUM(C39:E39) -> 0
A40: 4. | B40: Advertising | C40: 0 | D40: 0 | E40: 0 | F40: =SUM(C40:E40) -> 0
A41: 5. | B41: Boards, bureaus and associations | C41: 0 | D41: 703.17723 | E41: 2416.0228 | F41: =SUM(C41:E41) -> 3119.2
A42: 6. | B42: Title plant rent and maintenance | C42: 0 | D42: 0 | E42: 0 | F42: =SUM(C42:E42) -> 0
A43: 7. | B43: Claim adjustment services | C43: 0 | D43: 0 | E43: 0 | F43: =SUM(C43:E43) -> 0
A44: 8. | B44: Amounts charged off, net of recoveries | C44: 0 | D44: 0 | E44: 0 | F44: =SUM(C44:E44) -> 0
A45: 9. | B45: Marketing and promotional expenses | C45: 0 | D45: 1449.1218 | E45: 4978.9882 | F45: =SUM(C45:E45) -> 6428.11
A46: 10. | B46: Insurance | C46: 0 | D46: 57.999948 | E46: 199.28005 | F46: =SUM(C46:E46) -> 257.28
A47: 11. | B47: Directors' fees | C47: 0 | D47: 0 | E47: 0 | F47: =SUM(C47:E47) -> 0
A48: 12. | B48: Travel and travel items | C48: 0 | D48: 1622.7744 | E48: 5575.6356 | F48: =SUM(C48:E48) -> 7198.41
... A58: 22. | B58: Aggregate write-ins for miscellaneous expenses | C58: 0 | D58: 49208.783 | E58: 169074.79 | F58: =SUM(C58:E58) -> 218283.57
A59: 23. | B59: Total Corporate Expenses | C59: =SUM(C37:C58) -> 0 | D59: =SUM(D37:D58) -> 85470.446 | E59: =SUM(E37:E58) -> 293665 | F59: =SUM(F37:F58) -> 379135.45
A61: Part C: Net Income
A62: 1. | B62: Income (Loss) | C62: =C25-C59 -> 0 | D62: =D25-D59 -> 54392.554 | E62: =E25-E59 -> 106043 | F62: =SUM(C62:E62) -> 160435.55

Sheet Investors Title Insurance Co
A1: NEW MEXICO TITLE INSURANCE UNDERWRITERS STATISTICAL REPORT
A2: FORM 1: STATEMENT OF INCOME AND EXPENSES
A3: For Calendar Year Ending December 31, 2023
A4: NEW MEXICO EXPERIENCE ONLY
B5: Insurance Company: | C5: Investors Title Insurance Company
B6: NAIC Code: | C6: 50369
D8: Yes | E8: No
C9: Do you have direct operations or affiliated agencies in New Mexico? | E9: X
C11: If you DO have direct operations or affiliated agencies in New Mexico,
B12: are the expenses that are reported by those direct operations or affiliated agencies on their Agent Statistical Reports also included on Part B below? | D12: Yes | E12: No
E13: X
H14: Total Other | I14: NAIC
D15: Non-Affiliated | E15: Affiliated | H15: Income From | I15: Annual
C16: Direct | D16: Agency | E16: Agency | H16: Direct | I16: Statement
C17: Operations | D17: Operations | E17: Operations | F17: Total | H17: Operation ASR | I17: Schedule T | J17: Difference
A18: Part A: Revenue
A19: 1. | B19: Direct premiums written | C19: 0 | D19: 0 | E19: 0 | F19: =SUM(C19:E19) -> 0 | I19: 0 | J19: =F19-I19 -> 0
A20: 2. | B20: Direct premiums written that are retained by agent | C20: 0 | D20: 0 | E20: 0 | F20: =SUM(C20:E20) -> 0
A21: 3. | B21: Direct premiums written that are remitted to underwriter | C21: =C19-C20 -> 0 | D21: =D19-D20 -> 0 | E21: =E19-E20 -> 0 | F21: =SUM(C21:E21) -> 0
A22: 4. | B22: Escrow and settlement service charges | C22: 0 | D22: 0 | E22: 0 | F22: =SUM(C22:E22) -> 0
A23: 5. | B23: Other title fees and service charges | C23: 0 | D23: 0 | E23: 0 | F23: =SUM(C23:E23) -> 0
A24: 6. | B24: Total Other Income | C24: =C22+C23 -> 0 | D24: =D22+D23 -> 0 | E24: =E22+E23 -> 0 | F24: =SUM(C24:E24) -> 0 | H24: 0 | I24: 0 | J24: =F24+H24-I24 -> 0
A25: 7. | B25: Total Revenue | C25: =C21+C24 -> 0 | D25: =D21+D24 -> 0 | E25: =E21+E24 -> 0 | F25: =SUM(C25:E25) -> 0
A27: For underwriters that charge rates below the promulgated rates: | I27: From Form 3 | J27: Difference
A28: 8. | B28: Direct premiums as if they had been written at promulgated rates | C28: 0 | D28: 0 | E28: 0 | F28: =SUM(C28:E28) -> 0 | I28: 0 | J28: =F28-I28 -> 0
A30: Part B: Corporate Expenses
A32: Line 1 as defined per NAIC Annual Statement, STATEMENT OF INCOME Exhibit.
A33: Lines 2 through 22 as defined per NAIC Annual Statement, EXPENSES Exhibit.
A35: All entries should show NEW MEXICO expenses only and should NOT show any expenses reported by a direct or affiliated operation on their Agent Statistical Reports.
A37: 1. | B37: Losses and loss adjustment expenses incurred | C37: 0 | D37: 0 | E37: 0 | F37: =SUM(C37:E37) -> 0
A38: 2. | B38: Total personnel costs | C38: 0 | D38: 0 | E38: 0 | F38: =SUM(C38:E38) -> 0
A39: 3. | B39: Total production services purchased outside | C39: 0 | D39: 0 | E39: 0 | F39: =SUM(C39:E39) -> 0
A40: 4. | B40: Advertising | C40: 0 | D40: 0 | E40: 0 | F40: =SUM(C40:E40) -> 0
A41: 5. | B41: Boards, bureaus and associations | C41: 0 | D41: 0 | E41: 0 | F41: =SUM(C41:E41) -> 0
A42: 6. | B42: Title plant rent and maintenance | C42: 0 | D42: 0 | E42: 0 | F42: =SUM(C42:E42) -> 0
A43: 7. | B43: Claim adjustment services | C43: 0 | D43: 0 | E43: 0 | F43: =SUM(C43:E43) -> 0
A44: 8. | B44: Amounts charged off, net of recoveries | C44: 0 | D44: 0 | E44: 0 | F44: =SUM(C44:E44) -> 0
A45: 9. | B45: Marketing and promotional expenses | C45: 0 | D45: 0 | E45: 0 | F45: =SUM(C45:E45) -> 0
A46: 10. | B46: Insurance | C46: 0 | D46: 0 | E46: 0 | F46: =SUM(C46:E46) -> 0
A47: 11. | B47: Directors' fees | C47: 0 | D47: 0 | E47: 0 | F47: =SUM(C47:E47) -> 0
A48: 12. | B48: Travel and travel items | C48: 0 | D48: 0 | E48: 0 | F48: =SUM(C48:E48) -> 0
... A58: 22. | B58: Aggregate write-ins for miscellaneous expenses | C58: 0 | D58: 0 | E58: 0 | F58: =SUM(C58:E58) -> 0
A59: 23. | B59: Total Corporate Expenses | C59: =SUM(C37:C58) -> 0 | D59: =SUM(D37:D58) -> 0 | E59: =SUM(E37:E58) -> 0 | F59: =SUM(F37:F58) -> 0
A61: Part C: Net Income
A62: 1. | B62: Income (Loss) | C62: =C25-C59 -> 0 | D62: =D25-D59 -> 0 | E62: =E25-E59 -> 0 | F62: =SUM(C62:E62) -> 0

Sheet National Title Insurance of NY
A1: NEW MEXICO TITLE INSURANCE UNDERWRITERS STATISTICAL REPORT
A2: FORM 1: STATEMENT OF INCOME AND EXPENSES
A3: For Calendar Year Ending December 31, 2023
A4: NEW MEXICO EXPERIENCE ONLY
B5: Insurance Company: | C5: National Title Insurance of New York Inc.
B6: NAIC Code: | C6: 51020
D8: Yes | E8: No
C9: Do you have direct operations or affiliated agencies in New Mexico? | E9: X
C11: If you DO have direct operations or affiliated agencies in New Mexico,
B12: are the expenses that are reported by those direct operations or affiliated agencies on their Agent Statistical Reports also included on Part B below? | D12: Yes | E12: No
H14: Total Other | I14: NAIC
D15: Non-Affiliated | E15: Affiliated | H15: Income From | I15: Annual
C16: Direct | D16: Agency | E16: Agency | H16: Direct | I16: Statement
C17: Operations | D17: Operations | E17: Operations | F17: Total | H17: Operation ASR | I17: Schedule T | J17: Difference
A18: Part A: Revenue
A19: 1. | B19: Direct premiums written | C19: 0 | D19: 0 | E19: 0 | F19: =SUM(C19:E19) -> 0 | I19: 0 | J19: =F19-I19 -> 0
A20: 2. | B20: Direct premiums written that are retained by agent | C20: 0 | D20: 0 | E20: 0 | F20: =SUM(C20:E20) -> 0
A21: 3. | B21: Direct premiums written that are remitted to underwriter | C21: =C19-C20 -> 0 | D21: =D19-D20 -> 0 | E21: =E19-E20 -> 0 | F21: =SUM(C21:E21) -> 0
A22: 4. | B22: Escrow and settlement service charges | C22: 0 | D22: 0 | E22: 0 | F22: =SUM(C22:E22) -> 0
A23: 5. | B23: Other title fees and service charges | C23: 0 | D23: 0 | E23: 0 | F23: =SUM(C23:E23) -> 0
A24: 6. | B24: Total Other Income | C24: =C22+C23 -> 0 | D24: =D22+D23 -> 0 | E24: =E22+E23 -> 0 | F24: =SUM(C24:E24) -> 0 | H24: 0 | I24: 0 | J24: =F24+H24-I24 -> 0
A25: 7. | B25: Total Revenue | C25: =C21+C24 -> 0 | D25: =D21+D24 -> 0 | E25: =E21+E24 -> 0 | F25: =SUM(C25:E25) -> 0
A27: For underwriters that charge rates below the promulgated rates: | I27: From Form 3 | J27: Difference
A28: 8. | B28: Direct premiums as if they had been written at promulgated rates | C28: 0 | D28: 0 | E28: 0 | F28: =SUM(C28:E28) -> 0 | I28: 0 | J28: =F28-I28 -> 0
A30: Part B: Corporate Expenses
A32: Line 1 as defined per NAIC Annual Statement, STATEMENT OF INCOME Exhibit.
A33: Lines 2 through 22 as defined per NAIC Annual Statement, EXPENSES Exhibit.
A35: All entries should show NEW MEXICO expenses only and should NOT show any expenses reported by a direct or affiliated operation on their Agent Statistical Reports.
A37: 1. | B37: Losses and loss adjustment expenses incurred | C37: 0 | D37: 0 | E37: 0 | F37: =SUM(C37:E37) -> 0
A38: 2. | B38: Total personnel costs | C38: 0 | D38: 0 | E38: 0 | F38: =SUM(C38:E38) -> 0
A39: 3. | B39: Total production services purchased outside | C39: 0 | D39: 0 | E39: 0 | F39: =SUM(C39:E39) -> 0
A40: 4. | B40: Advertising | C40: 0 | D40: 0 | E40: 0 | F40: =SUM(C40:E40) -> 0
A41: 5. | B41: Boards, bureaus and associations | C41: 0 | D41: 0 | E41: 0 | F41: =SUM(C41:E41) -> 0
A42: 6. | B42: Title plant rent and maintenance | C42: 0 | D42: 0 | E42: 0 | F42: =SUM(C42:E42) -> 0
A43: 7. | B43: Claim adjustment services | C43: 0 | D43: 0 | E43: 0 | F43: =SUM(C43:E43) -> 0
A44: 8. | B44: Amounts charged off, net of recoveries | C44: 0 | D44: 0 | E44: 0 | F44: =SUM(C44:E44) -> 0
A45: 9. | B45: Marketing and promotional expenses | C45: 0 | D45: 0 | E45: 0 | F45: =SUM(C45:E45) -> 0
A46: 10. | B46: Insurance | C46: 0 | D46: 0 | E46: 0 | F46: =SUM(C46:E46) -> 0
A47: 11. | B47: Directors' fees | C47: 0 | D47: 0 | E47: 0 | F47: =SUM(C47:E47) -> 0
A48: 12. | B48: Travel and travel items | C48: 0 | D48: 0 | E48: 0 | F48: =SUM(C48:E48) -> 0
... A58: 22. | B58: Aggregate write-ins for miscellaneous expenses | C58: 0 | D58: 0 | E58: 0 | F58: =SUM(C58:E58) -> 0
A59: 23. | B59: Total Corporate Expenses | C59: =SUM(C37:C58) -> 0 | D59: =SUM(D37:D58) -> 0 | E59: =SUM(E37:E58) -> 805 | F59: =SUM(F37:F58) -> 805
A61: Part C: Net Income
A62: 1. | B62: Income (Loss) | C62: =C25-C59 -> 0 | D62: =D25-D59 -> 0 | E62: =E25-E59 -> -805 | F62: =SUM(C62:E62) -> -805

Sheet Old Republic National Title Ins
A1: NEW MEXICO TITLE INSURANCE UNDERWRITERS STATISTICAL REPORT
A2: FORM 1: STATEMENT OF INCOME AND EXPENSES
A3: For Calendar Year Ending December 31, 2023
A4: NEW MEXICO EXPERIENCE ONLY
B5: Insurance Company: | C5: Old Republic National Title Insurance Company
B6: NAIC Code: | C6: 50520
D8: Yes | E8: No
C9: Do you have direct operations or affiliated agencies in New Mexico? | D9: X
C11: If you DO have direct operations or affiliated agencies in New Mexico,
B12: are the expenses that are reported by those direct operations or affiliated agencies on their Agent Statistical Reports also included on Part B below? | D12: Yes | E12: No
E13: X
H14: Total Other | I14: NAIC
D15: Non-Affiliated | E15: Affiliated | H15: Income From | I15: Annual
C16: Direct | D16: Agency | E16: Agency | H16: Direct | I16: Statement
C17: Operations | D17: Operations | E17: Operations | F17: Total | H17: Operation ASR | I17: Schedule T | J17: Difference
A18: Part A: Revenue
A19: 1. | B19: Direct premiums written | C19: 6825069 | D19: 7064436 | E19: 0 | F19: =SUM(C19:E19) -> 13889505 | I19: 13889505 | J19: =F19-I19 -> 0
A20: 2. | B20: Direct premiums written that are retained by agent | C20: 5460055 | D20: 5651549 | E20: 0 | F20: =SUM(C20:E20) -> 11111604
A21: 3. | B21: Direct premiums written that are remitted to underwriter | C21: =C19-C20 -> 1365014 | D21: =D19-D20 -> 1412887 | E21: =E19-E20 -> 0 | F21: =SUM(C21:E21) -> 2777901
A22: 4. | B22: Escrow and settlement service charges | C22: 38830 | D22: 0 | E22: 0 | F22: =SUM(C22:E22) -> 38830
A23: 5. | B23: Other title fees and service charges | C23: 50698 | D23: 0 | E23: 0 | F23: =SUM(C23:E23) -> 50698
A24: 6. | B24: Total Other Income | C24: =C22+C23 -> 89528 | D24: =D22+D23 -> 0 | E24: =E22+E23 -> 0 | F24: =SUM(C24:E24) -> 89528 | H24: 3285509 | I24: 3375037 | J24: =F24+H24-I24 -> 0
A25: 7. | B25: Total Revenue | C25: =C21+C24 -> 1454542 | D25: =D21+D24 -> 1412887 | E25: =E21+E24 -> 0 | F25: =SUM(C25:E25) -> 2867429
A27: For underwriters that charge rates below the promulgated rates: | I27: From Form 3 | J27: Difference
A28: 8. | B28: Direct premiums as if they had been written at promulgated rates | C28: 0 | D28: 0 | E28: 0 | F28: =SUM(C28:E28) -> 0 | I28: 0 | J28: =F28-I28 -> 0
A30: Part B: Corporate Expenses
A32: Line 1 as defined per NAIC Annual Statement, STATEMENT OF INCOME Exhibit.
A33: Lines 2 through 22 as defined per NAIC Annual Statement, EXPENSES Exhibit.
A35: All entries should show NEW MEXICO expenses only and should NOT show any expenses reported by a direct or affiliated operation on their Agent Statistical Reports.
A37: 1. | B37: Losses and loss adjustment expenses incurred | C37: 0 | D37: 414475 | E37: 0 | F37: =SUM(C37:E37) -> 414475
A38: 2. | B38: Total personnel costs | C38: 23697 | D38: 257035 | E38: 0 | F38: =SUM(C38:E38) -> 280732
A39: 3. | B39: Total production services purchased outside | C39: 53197 | D39: 0 | E39: 0 | F39: =SUM(C39:E39) -> 53197
A40: 4. | B40: Advertising | C40: 0 | D40: 0 | E40: 0 | F40: =SUM(C40:E40) -> 0
A41: 5. | B41: Boards, bureaus and associations | C41: 0 | D41: 0 | E41: 0 | F41: =SUM(C41:E41) -> 0
A42: 6. | B42: Title plant rent and maintenance | C42: 0 | D42: 0 | E42: 0 | F42: =SUM(C42:E42) -> 0
A43: 7. | B43: Claim adjustment services | C43: 0 | D43: 0 | E43: 0 | F43: =SUM(C43:E43) -> 0
A44: 8. | B44: Amounts charged off, net of recoveries | C44: 0 | D44: 0 | E44: 0 | F44: =SUM(C44:E44) -> 0
A45: 9. | B45: Marketing and promotional expenses | C45: 0 | D45: 5170 | E45: 0 | F45: =SUM(C45:E45) -> 5170
A46: 10. | B46: Insurance | C46: 0 | D46: 9088 | E46: 0 | F46: =SUM(C46:E46) -> 9088
A47: 11. | B47: Directors' fees | C47: 0 | D47: 0 | E47: 0 | F47: =SUM(C47:E47) -> 0
A48: 12. | B48: Travel and travel items | C48: 0 | D48: 19233 | E48: 0 | F48: =SUM(C48:E48) -> 19233
... A58: 22. | B58: Aggregate write-ins for miscellaneous expenses | C58: 13086 | D58: 462267 | E58: 0 | F58: =SUM(C58:E58) -> 475353
A59: 23. | B59: Total Corporate Expenses | C59: =SUM(C37:C58) -> 92422 | D59: =SUM(D37:D58) -> 1501978 | E59: =SUM(E37:E58) -> 0 | F59: =SUM(F37:F58) -> 1594400
A61: Part C: Net Income
A62: 1. | B62: Income (Loss) | C62: =C25-C59 -> 1362120 | D62: =D25-D59 -> -89091 | E62: =E25-E59 -> 0 | F62: =SUM(C62:E62) -> 1273029

Sheet Premier Land Title Insurance Co
A1: NEW MEXICO TITLE INSURANCE UNDERWRITERS STATISTICAL REPORT
A2: FORM 1: STATEMENT OF INCOME AND EXPENSES
A3: For Calendar Year Ending December 31, 2023
A4: NEW MEXICO EXPERIENCE ONLY
B5: Insurance Company: | C5: Premier Land Title Insurance Company
B6: NAIC Code: | C6: 50026
D8: Yes | E8: No
C9: Do you have direct operations or affiliated agencies in New Mexico? | D9: X
C11: If you DO have direct operations or affiliated agencies in New Mexico,
B12: are the expenses that are reported by those direct operations or affiliated agencies on their Agent Statistical Reports also included on Part B below? | D12: Yes | E12: No
E13: X
H14: Total Other | I14: NAIC
D15: Non-Affiliated | E15: Affiliated | H15: Income From | I15: Annual
C16: Direct | D16: Agency | E16: Agency | H16: Direct | I16: Statement
C17: Operations | D17: Operations | E17: Operations | F17: Total | H17: Operation ASR | I17: Schedule T | J17: Difference
A18: Part A: Revenue
A19: 1. | B19: Direct premiums written | C19: 0 | D19: 0 | E19: 906908 | F19: =SUM(C19:E19) -> 906908 | I19: 906908 | J19: =F19-I19 -> 0
A20: 2. | B20: Direct premiums written that are retained by agent | C20: 0 | D20: 0 | E20: 725546 | F20: =SUM(C20:E20) -> 725546
A21: 3. | B21: Direct premiums written that are remitted to underwriter | C21: =C19-C20 -> 0 | D21: =D19-D20 -> 0 | E21: =E19-E20 -> 181362 | F21: =SUM(C21:E21) -> 181362
A22: 4. | B22: Escrow and settlement service charges | C22: 0 | D22: 0 | E22: 0 | F22: =SUM(C22:E22) -> 0
A23: 5. | B23: Other title fees and service charges | C23: 0 | D23: 0 | E23: 0 | F23: =SUM(C23:E23) -> 0
A24: 6. | B24: Total Other Income | C24: =C22+C23 -> 0 | D24: =D22+D23 -> 0 | E24: =E22+E23 -> 0 | F24: =SUM(C24:E24) -> 0 | H24: 0 | I24: 0 | J24: =F24+H24-I24 -> 0
A25: 7. | B25: Total Revenue | C25: =C21+C24 -> 0 | D25: =D21+D24 -> 0 | E25: =E21+E24 -> 181362 | F25: =SUM(C25:E25) -> 181362
A27: For underwriters that charge rates below the promulgated rates: | I27: From Form 3 | J27: Difference
A28: 8. | B28: Direct premiums as if they had been written at promulgated rates | C28: 0 | D28: 0 | E28: 0 | F28: =SUM(C28:E28) -> 0 | I28: 0 | J28: =F28-I28 -> 0
A30: Part B: Corporate Expenses
A32: Line 1 as defined per NAIC Annual Statement, STATEMENT OF INCOME Exhibit.
A33: Lines 2 through 22 as defined per NAIC Annual Statement, EXPENSES Exhibit.
A35: All entries should show NEW MEXICO expenses only and should NOT show any expenses reported by a direct or affiliated operation on their Agent Statistical Reports.
A37: 1. | B37: Losses and loss adjustment expenses incurred | C37: 0 | D37: 0 | E37: 0 | F37: =SUM(C37:E37) -> 0
A38: 2. | B38: Total personnel costs | C38: 0 | D38: 0 | E38: 0 | F38: =SUM(C38:E38) -> 0
A39: 3. | B39: Total production services purchased outside | C39: 0 | D39: 0 | E39: 0 | F39: =SUM(C39:E39) -> 0
A40: 4. | B40: Advertising | C40: 0 | D40: 0 | E40: 0 | F40: =SUM(C40:E40) -> 0
A41: 5. | B41: Boards, bureaus and associations | C41: 0 | D41: 0 | E41: 0 | F41: =SUM(C41:E41) -> 0
A42: 6. | B42: Title plant rent and maintenance | C42: 0 | D42: 0 | E42: 0 | F42: =SUM(C42:E42) -> 0
A43: 7. | B43: Claim adjustment services | C43: 0 | D43: 0 | E43: 0 | F43: =SUM(C43:E43) -> 0
A44: 8. | B44: Amounts charged off, net of recoveries | C44: 0 | D44: 0 | E44: 0 | F44: =SUM(C44:E44) -> 0
A45: 9. | B45: Marketing and promotional expenses | C45: 0 | D45: 0 | E45: 0 | F45: =SUM(C45:E45) -> 0
A46: 10. | B46: Insurance | C46: 0 | D46: 0 | E46: 0 | F46: =SUM(C46:E46) -> 0
A47: 11. | B47: Directors' fees | C47: 0 | D47: 0 | E47: 0 | F47: =SUM(C47:E47) -> 0
A48: 12. | B48: Travel and travel items | C48: 0 | D48: 0 | E48: 0 | F48: =SUM(C48:E48) -> 0
... A58: 22. | B58: Aggregate write-ins for miscellaneous expenses | C58: 0 | D58: 0 | E58: 0 | F58: =SUM(C58:E58) -> 0
A59: 23. | B59: Total Corporate Expenses | C59: =SUM(C37:C58) -> 0 | D59: =SUM(D37:D58) -> 0 | E59: =SUM(E37:E58) -> 35207 | F59: =SUM(F37:F58) -> 35207
A61: Part C: Net Income
A62: 1. | B62: Income (Loss) | C62: =C25-C59 -> 0 | D62: =D25-D59 -> 0 | E62: =E25-E59 -> 146155 | F62: =SUM(C62:E62) -> 146155

Sheet Radian Title Insurance Inc
A1: NEW MEXICO TITLE INSURANCE UNDERWRITERS STATISTICAL REPORT
A2: FORM 1: STATEMENT OF INCOME AND EXPENSES
A3: For Calendar Year Ending December 31, 2023
A4: NEW MEXICO EXPERIENCE ONLY
B5: Insurance Company: | C5: Radian Title Insurance Inc.
B6: NAIC Code: | C6: 51632
D8: Yes | E8: No
C9: Do you have direct operations or affiliated agencies in New Mexico? | E9: X
C11: If you DO have direct operations or affiliated agencies in New Mexico,
B12: are the expenses that are reported by those direct operations or affiliated agencies on their Agent Statistical Reports also included on Part B below? | D12: Yes | E12: No
H14: Total Other | I14: NAIC
D15: Non-Affiliated | E15: Affiliated | H15: Income From | I15: Annual
C16: Direct | D16: Agency | E16: Agency | H16: Direct | I16: Statement
C17: Operations | D17: Operations | E17: Operations | F17: Total | H17: Operation ASR | I17: Schedule T | J17: Difference
A18: Part A: Revenue
A19: 1. | B19: Direct premiums written | C19: 0 | D19: 0 | E19: 0 | F19: =SUM(C19:E19) -> 0 | I19: 0 | J19: =F19-I19 -> 0
A20: 2. | B20: Direct premiums written that are retained by agent | C20: 0 | D20: 0 | E20: 0 | F20: =SUM(C20:E20) -> 0
A21: 3. | B21: Direct premiums written that are remitted to underwriter | C21: =C19-C20 -> 0 | D21: =D19-D20 -> 0 | E21: =E19-E20 -> 0 | F21: =SUM(C21:E21) -> 0
A22: 4. | B22: Escrow and settlement service charges | C22: 0 | D22: 0 | E22: 0 | F22: =SUM(C22:E22) -> 0
A23: 5. | B23: Other title fees and service charges | C23: 58 | D23: 0 | E23: 0 | F23: =SUM(C23:E23) -> 58
A24: 6. | B24: Total Other Income | C24: =C22+C23 -> 58 | D24: =D22+D23 -> 0 | E24: =E22+E23 -> 0 | F24: =SUM(C24:E24) -> 58 | H24: 0 | I24: 58 | J24: =F24+H24-I24 -> 0
A25: 7. | B25: Total Revenue | C25: =C21+C24 -> 58 | D25: =D21+D24 -> 0 | E25: =E21+E24 -> 0 | F25: =SUM(C25:E25) -> 58
A27: For underwriters that charge rates below the promulgated rates: | I27: From Form 3 | J27: Difference
A28: 8. | B28: Direct premiums as if they had been written at promulgated rates | C28: 0 | D28: 0 | E28: 0 | F28: =SUM(C28:E28) -> 0 | I28: 0 | J28: =F28-I28 -> 0
A30: Part B: Corporate Expenses
A32: Line 1 as defined per NAIC Annual Statement, STATEMENT OF INCOME Exhibit.
A33: Lines 2 through 22 as defined per NAIC Annual Statement, EXPENSES Exhibit.
A35: All entries should show NEW MEXICO expenses only and should NOT show any expenses reported by a direct or affiliated operation on their Agent Statistical Reports.
A37: 1. | B37: Losses and loss adjustment expenses incurred | C37: 0 | D37: 0 | E37: 0 | F37: =SUM(C37:E37) -> 0
A38: 2. | B38: Total personnel costs | C38: 0 | D38: 0 | E38: 0 | F38: =SUM(C38:E38) -> 0
A39: 3. | B39: Total production services purchased outside | C39: 0 | D39: 0 | E39: 0 | F39: =SUM(C39:E39) -> 0
A40: 4. | B40: Advertising | C40: 0 | D40: 0 | E40: 0 | F40: =SUM(C40:E40) -> 0
A41: 5. | B41: Boards, bureaus and associations | C41: 0 | D41: 0 | E41: 0 | F41: =SUM(C41:E41) -> 0
A42: 6. | B42: Title plant rent and maintenance | C42: 0 | D42: 0 | E42: 0 | F42: =SUM(C42:E42) -> 0
A43: 7. | B43: Claim adjustment services | C43: 0 | D43: 0 | E43: 0 | F43: =SUM(C43:E43) -> 0
A44: 8. | B44: Amounts charged off, net of recoveries | C44: 0 | D44: 0 | E44: 0 | F44: =SUM(C44:E44) -> 0
A45: 9. | B45: Marketing and promotional expenses | C45: 0 | D45: 0 | E45: 0 | F45: =SUM(C45:E45) -> 0
A46: 10. | B46: Insurance | C46: 0 | D46: 0 | E46: 0 | F46: =SUM(C46:E46) -> 0
A47: 11. | B47: Directors' fees | C47: 0 | D47: 0 | E47: 0 | F47: =SUM(C47:E47) -> 0
A48: 12. | B48: Travel and travel items | C48: 0 | D48: 0 | E48: 0 | F48: =SUM(C48:E48) -> 0
... A58: 22. | B58: Aggregate write-ins for miscellaneous expenses | C58: 0 | D58: 0 | E58: 0 | F58: =SUM(C58:E58) -> 0
A59: 23. | B59: Total Corporate Expenses | C59: =SUM(C37:C58) -> 800 | D59: =SUM(D37:D58) -> 0 | E59: =SUM(E37:E58) -> 0 | F59: =SUM(F37:F58) -> 800
A61: Part C: Net Income
A62: 1. | B62: Income (Loss) | C62: =C25-C59 -> -742 | D62: =D25-D59 -> 0 | E62: =E25-E59 -> 0 | F62: =SUM(C62:E62) -> -742

Sheet Stewart Title Guaranty Company
A1: NEW MEXICO TITLE INSURANCE UNDERWRITERS STATISTICAL REPORT
A2: FORM 1: STATEMENT OF INCOME AND EXPENSES
A3: For Calendar Year Ending December 31, 2023
A4: NEW MEXICO EXPERIENCE ONLY
B5: Insurance Company: | C5: Stewart Title Guaranty Company
B6: NAIC Code: | C6: 50121
D8: Yes | E8: No
C9: Do you have direct operations or affiliated agencies in New Mexico? | D9: x
C11: If you DO have direct operations or affiliated agencies in New Mexico,
B12: are the expenses that are reported by those direct operations or affiliated agencies on their Agent Statistical Reports also included on Part B below? | D12: Yes | E12: No
E13: x
H14: Total Other | I14: NAIC
D15: Non-Affiliated | E15: Affiliated | H15: Income From | I15: Annual
C16: Direct | D16: Agency | E16: Agency | H16: Direct | I16: Statement
C17: Operations | D17: Operations | E17: Operations | F17: Total | H17: Operation ASR | I17: Schedule T | J17: Difference
A18: Part A: Revenue
A19: 1. | B19: Direct premiums written | C19: -266146 | D19: 9130519 | E19: 7483746 | F19: =SUM(C19:E19) -> 16348119 | I19: =-266146+9130519+7483746 -> 16348119 | J19: =F19-I19 -> 0
A20: 2. | B20: Direct premiums written that are retained by agent | C20: -212917 | D20: 6125451 | E20: =5943019+212917 -> 6155936 | F20: =SUM(C20:E20) -> 12068470
A21: 3. | B21: Direct premiums written that are remitted to underwriter | C21: =C19-C20 -> -53229 | D21: =D19-D20 -> 3005068 | E21: =E19-E20 -> 1327810 | F21: =SUM(C21:E21) -> 4279649
A22: 4. | B22: Escrow and settlement service charges | C22: 107817 | F22: =SUM(C22:E22) -> 107817
A23: 5. | B23: Other title fees and service charges | C23: =7174+890 -> 8064 | F23: =SUM(C23:E23) -> 8064
A24: 6. | B24: Total Other Income | C24: =C22+C23 -> 115881 | D24: =D22+D23 -> 0 | E24: =E22+E23 -> 0 | F24: =SUM(C24:E24) -> 115881 | I24: 115881 | J24: =F24+H24-I24 -> 0
A25: 7. | B25: Total Revenue | C25: =C21+C24 -> 62652 | D25: =D21+D24 -> 3005068 | E25: =E21+E24 -> 1327810 | F25: =SUM(C25:E25) -> 4395530
A27: For underwriters that charge rates below the promulgated rates: | I27: From Form 3 | J27: Difference
A28: 8. | B28: Direct premiums as if they had been written at promulgated rates | F28: =SUM(C28:E28) -> 0 | I28: 0 | J28: =F28-I28 -> 0
A30: Part B: Corporate Expenses
A32: Line 1 as defined per NAIC Annual Statement, STATEMENT OF INCOME Exhibit.
A33: Lines 2 through 22 as defined per NAIC Annual Statement, EXPENSES Exhibit.
A35: All entries should show NEW MEXICO expenses only and should NOT show any expenses reported by a direct or affiliated operation on their Agent Statistical Reports.
A37: 1. | B37: Losses and loss adjustment expenses incurred | C37: 0 | D37: 120000 | E37: -146846 | F37: =SUM(C37:E37) -> -26846
A38: 2. | B38: Total personnel costs | C38: -109734 | D38: 550755 | E38: 451422 | F38: =SUM(C38:E38) -> 892443
A39: 3. | B39: Total production services purchased outside | C39: -206214 | D39: 0 | E39: 0 | F39: =SUM(C39:E39) -> -206214
A40: 4. | B40: Advertising | C40: 764 | D40: 2977 | E40: 1480 | F40: =SUM(C40:E40) -> 5221
A41: 5. | B41: Boards, bureaus and associations | C41: 1696 | D41: 6608 | E41: 3284 | F41: =SUM(C41:E41) -> 11588
A42: 6. | B42: Title plant rent and maintenance | C42: -265 | D42: 0 | E42: 0 | F42: =SUM(C42:E42) -> -265
A43: 7. | B43: Claim adjustment services | C43: 0 | D43: 0 | E43: 0 | F43: =SUM(C43:E43) -> 0
A44: 8. | B44: Amounts charged off, net of recoveries | C44: 0 | D44: 11338 | E44: 0 | F44: =SUM(C44:E44) -> 11338
A45: 9. | B45: Marketing and promotional expenses | C45: 5564 | D45: 21673 | E45: 10773 | F45: =SUM(C45:E45) -> 38010
A46: 10. | B46: Insurance | C46: 984 | D46: 3835 | E46: 1906 | F46: =SUM(C46:E46) -> 6725
A47: 11. | B47: Directors' fees | C47: 0 | D47: 0 | E47: 0 | F47: =SUM(C47:E47) -> 0
A48: 12. | B48: Travel and travel items | C48: 4892 | D48: 19056 | E48: 9472 | F48: =SUM(C48:E48) -> 33420
... A58: 22. | B58: Aggregate write-ins for miscellaneous expenses | C58: 1549 | D58: 6033 | E58: 2998 | F58: =SUM(C58:E58) -> 10580
A59: 23. | B59: Total Corporate Expenses | C59: =SUM(C37:C58) -> -223053 | D59: =SUM(D37:D58) -> 1430790 | E59: =SUM(E37:E58) -> 788478 | F59: =SUM(F37:F58) -> 1996215
A61: Part C: Net Income
A62: 1. | B62: Income (Loss) | C62: =C25-C59 -> 285705 | D62: =D25-D59 -> 1574278 | E62: =E25-E59 -> 539332 | F62: =SUM(C62:E62) -> 2399315

Sheet Title Resources Guaranty Co
A1: NEW MEXICO TITLE INSURANCE UNDERWRITERS STATISTICAL REPORT
A2: FORM 1: STATEMENT OF INCOME AND EXPENSES
A3: For Calendar Year Ending December 31, 2023
A4: NEW MEXICO EXPERIENCE ONLY
B5: Insurance Company: | C5: Title Resources Guaranty Company
B6: NAIC Code: | C6: 50016
D8: Yes | E8: No
C9: Do you have direct operations or affiliated agencies in New Mexico? | E9: X
C11: If you DO have direct operations or affiliated agencies in New Mexico,
B12: are the expenses that are reported by those direct operations or affiliated agencies on their Agent Statistical Reports also included on Part B below? | D12: Yes | E12: No
E13: X
H14: Total Other | I14: NAIC
D15: Non-Affiliated | E15: Affiliated | H15: Income From | I15: Annual
C16: Direct | D16: Agency | E16: Agency | H16: Direct | I16: Statement
C17: Operations | D17: Operations | E17: Operations | F17: Total | H17: Operation ASR | I17: Schedule T | J17: Difference
A18: Part A: Revenue
A19: 1. | B19: Direct premiums written | C19: 0 | D19: 224362 | E19: 0 | F19: =SUM(C19:E19) -> 224362 | I19: 224362 | J19: =F19-I19 -> 0
A20: 2. | B20: Direct premiums written that are retained by agent | C20: 0 | D20: 179490 | E20: 0 | F20: =SUM(C20:E20) -> 179490
A21: 3. | B21: Direct premiums written that are remitted to underwriter | C21: =C19-C20 -> 0 | D21: =D19-D20 -> 44872 | E21: =E19-E20 -> 0 | F21: =SUM(C21:E21) -> 44872
A22: 4. | B22: Escrow and settlement service charges | C22: 0 | D22: 0 | E22: 0 | F22: =SUM(C22:E22) -> 0
A23: 5. | B23: Other title fees and service charges | C23: 0 | D23: 0 | E23: 0 | F23: =SUM(C23:E23) -> 0
A24: 6. | B24: Total Other Income | C24: =C22+C23 -> 0 | D24: =D22+D23 -> 0 | E24: =E22+E23 -> 0 | F24: =SUM(C24:E24) -> 0 | H24: 0 | I24: 0 | J24: =F24+H24-I24 -> 0
A25: 7. | B25: Total Revenue | C25: =C21+C24 -> 0 | D25: =D21+D24 -> 44872 | E25: =E21+E24 -> 0 | F25: =SUM(C25:E25) -> 44872
A27: For underwriters that charge rates below the promulgated rates: | I27: From Form 3 | J27: Difference
A28: 8. | B28: Direct premiums as if they had been written at promulgated rates | C28: 0 | D28: 0 | E28: 0 | F28: =SUM(C28:E28) -> 0 | I28: 0 | J28: =F28-I28 -> 0
A30: Part B: Corporate Expenses
A32: Line 1 as defined per NAIC Annual Statement, STATEMENT OF INCOME Exhibit.
A33: Lines 2 through 22 as defined per NAIC Annual Statement, EXPENSES Exhibit.
A35: All entries should show NEW MEXICO expenses only and should NOT show any expenses reported by a direct or affiliated operation on their Agent Statistical Reports.
A37: 1. | B37: Losses and loss adjustment expenses incurred | C37: 0 | D37: 0 | E37: 0 | F37: =SUM(C37:E37) -> 0
A38: 2. | B38: Total personnel costs | C38: 0 | D38: 10735 | E38: 0 | F38: =SUM(C38:E38) -> 10735
A39: 3. | B39: Total production services purchased outside | C39: 0 | D39: 0 | E39: 0 | F39: =SUM(C39:E39) -> 0
A40: 4. | B40: Advertising | C40: 0 | D40: 275 | E40: 0 | F40: =SUM(C40:E40) -> 275
A41: 5. | B41: Boards, bureaus and associations | C41: 0 | D41: 308 | E41: 0 | F41: =SUM(C41:E41) -> 308
A42: 6. | B42: Title plant rent and maintenance | C42: 0 | D42: 0 | E42: 0 | F42: =SUM(C42:E42) -> 0
A43: 7. | B43: Claim adjustment services | C43: 0 | D43: 0 | E43: 0 | F43: =SUM(C43:E43) -> 0
A44: 8. | B44: Amounts charged off, net of recoveries | C44: 0 | D44: 0 | E44: 0 | F44: =SUM(C44:E44) -> 0
A45: 9. | B45: Marketing and promotional expenses | C45: 0 | D45: 192 | E45: 0 | F45: =SUM(C45:E45) -> 192
A46: 10. | B46: Insurance | C46: 0 | D46: 0 | E46: 0 | F46: =SUM(C46:E46) -> 0
A47: 11. | B47: Directors' fees | C47: 0 | D47: 275 | E47: 0 | F47: =SUM(C47:E47) -> 275
A48: 12. | B48: Travel and travel items | C48: 0 | D48: 319 | E48: 0 | F48: =SUM(C48:E48) -> 319
... A58: 22. | B58: Aggregate write-ins for miscellaneous expenses | C58: 0 | D58: 2541 | E58: 0 | F58: =SUM(C58:E58) -> 2541
A59: 23. | B59: Total Corporate Expenses | C59: =SUM(C37:C58) -> 0 | D59: =SUM(D37:D58) -> 23936 | E59: =SUM(E37:E58) -> 0 | F59: =SUM(F37:F58) -> 23936
A61: Part C: Net Income
A62: 1. | B62: Income (Loss) | C62: =C25-C59 -> 0 | D62: =D25-D59 -> 20936 | E62: =E25-E59 -> 0 | F62: =SUM(C62:E62) -> 20936

Sheet Westcor Land Title Insurance Co
A1: NEW MEXICO TITLE INSURANCE UNDERWRITERS STATISTICAL REPORT
A2: FORM 1: STATEMENT OF INCOME AND EXPENSES
A3: For Calendar Year Ending December 31, 2023
A4: NEW MEXICO EXPERIENCE ONLY
B5: Insurance Company: | C5: Westcor Land Title Insurance Company
B6: NAIC Code: | C6: 50050
D8: Yes | E8: No
C9: Do you have direct operations or affiliated agencies in New Mexico? | E9: X
C11: If you DO have direct operations or affiliated agencies in New Mexico,
B12: are the expenses that are reported by those direct operations or affiliated agencies on their Agent Statistical Reports also included on Part B below? | D12: Yes | E12: No
E13: X
H14: Total Other | I14: NAIC
D15: Non-Affiliated | E15: Affiliated | H15: Income From | I15: Annual
C16: Direct | D16: Agency | E16: Agency | H16: Direct | I16: Statement
C17: Operations | D17: Operations | E17: Operations | F17: Total | H17: Operation ASR | I17: Schedule T | J17: Difference
A18: Part A: Revenue
A19: 1. | B19: Direct premiums written | C19: 0 | D19: 362011 | E19: 0 | F19: =SUM(C19:E19) -> 362011 | I19: 362011 | J19: =F19-I19 -> 0
A20: 2. | B20: Direct premiums written that are retained by agent | C20: 0 | D20: 282108.68 | E20: 0 | F20: =SUM(C20:E20) -> 282108.68
A21: 3. | B21: Direct premiums written that are remitted to underwriter | C21: =C19-C20 -> 0 | D21: =D19-D20 -> 79902.32 | E21: =E19-E20 -> 0 | F21: =SUM(C21:E21) -> 79902.32
A22: 4. | B22: Escrow and settlement service charges | C22: 0 | D22: 0 | E22: 0 | F22: =SUM(C22:E22) -> 0
A23: 5. | B23: Other title fees and service charges | C23: 0 | D23: 1295 | E23: 0 | F23: =SUM(C23:E23) -> 1295
A24: 6. | B24: Total Other Income | C24: =C22+C23 -> 0 | D24: =D22+D23 -> 1295 | E24: =E22+E23 -> 0 | F24: =SUM(C24:E24) -> 1295 | H24: 0 | I24: 1295 | J24: =F24+H24-I24 -> 0
A25: 7. | B25: Total Revenue | C25: =C21+C24 -> 0 | D25: =D21+D24 -> 81197.32 | E25: =E21+E24 -> 0 | F25: =SUM(C25:E25) -> 81197.32
A27: For underwriters that charge rates below the promulgated rates: | I27: From Form 3 | J27: Difference
A28: 8. | B28: Direct premiums as if they had been written at promulgated rates | C28: 0 | D28: 0 | E28: 0 | F28: =SUM(C28:E28) -> 0 | I28: 0 | J28: =F28-I28 -> 0
A30: Part B: Corporate Expenses
A32: Line 1 as defined per NAIC Annual Statement, STATEMENT OF INCOME Exhibit.
A33: Lines 2 through 22 as defined per NAIC Annual Statement, EXPENSES Exhibit.
A35: All entries should show NEW MEXICO expenses only and should NOT show any expenses reported by a direct or affiliated operation on their Agent Statistical Reports.
A37: 1. | B37: Losses and loss adjustment expenses incurred | C37: 0 | D37: 546 | E37: 0 | F37: =SUM(C37:E37) -> 546
A38: 2. | B38: Total personnel costs | C38: 0 | D38: 34818.95 | E38: 0 | F38: =SUM(C38:E38) -> 34818.95
A39: 3. | B39: Total production services purchased outside | C39: 0 | D39: 5198.8723 | E39: 0 | F39: =SUM(C39:E39) -> 5198.8723
A40: 4. | B40: Advertising | C40: 0 | D40: 10.764393 | E40: 0 | F40: =SUM(C40:E40) -> 10.764393
A41: 5. | B41: Boards, bureaus and associations | C41: 0 | D41: 565.32933 | E41: 0 | F41: =SUM(C41:E41) -> 565.32933
A42: 6. | B42: Title plant rent and maintenance | C42: 0 | D42: 0 | E42: 0 | F42: =SUM(C42:E42) -> 0
A43: 7. | B43: Claim adjustment services | C43: 0 | D43: 0 | E43: 0 | F43: =SUM(C43:E43) -> 0
A44: 8. | B44: Amounts charged off, net of recoveries | C44: 0 | D44: 1159.8761 | E44: 0 | F44: =SUM(C44:E44) -> 1159.8761
A45: 9. | B45: Marketing and promotional expenses | C45: 0 | D45: 1451.4086 | E45: 0 | F45: =SUM(C45:E45) -> 1451.4086
A46: 10. | B46: Insurance | C46: 0 | D46: 371.81797 | E46: 0 | F46: =SUM(C46:E46) -> 371.81797
A47: 11. | B47: Directors' fees | C47: 0 | D47: 0 | E47: 0 | F47: =SUM(C47:E47) -> 0
A48: 12. | B48: Travel and travel items | C48: 0 | D48: 1244.6793 | E48: 0 | F48: =SUM(C48:E48) -> 1244.6793
... A58: 22. | B58: Aggregate write-ins for miscellaneous expenses | C58: 0 | D58: 97.36072 | E58: 0 | F58: =SUM(C58:E58) -> 97.36072
A59: 23. | B59: Total Corporate Expenses | C59: =SUM(C37:C58) -> 0 | D59: =SUM(D37:D58) -> 63985.756 | E59: =SUM(E37:E58) -> 0 | F59: =SUM(F37:F58) -> 63985.756
A61: Part C: Net Income
A62: 1. | B62: Income (Loss) | C62: =C25-C59 -> 0 | D62: =D25-D59 -> 17211.564 | E62: =E25-E59 -> 0 | F62: =SUM(C62:E62) -> 17211.564

Sheet WFG National Title Insurance Co
A1: NEW MEXICO TITLE INSURANCE UNDERWRITERS STATISTICAL REPORT
A2: FORM 1: STATEMENT OF INCOME AND EXPENSES
A3: For Calendar Year Ending December 31, 2023
A4: NEW MEXICO EXPERIENCE ONLY
B5: Insurance Company: | C5: WFG National Title Insurance Company
B6: NAIC Code: | C6: 51152
D8: Yes | E8: No
C9: Do you have direct operations or affiliated agencies in New Mexico? | D9: X
C11: If you DO have direct operations or affiliated agencies in New Mexico,
B12: are the expenses that are reported by those direct operations or affiliated agencies on their Agent Statistical Reports also included on Part B below? | D12: Yes | E12: No
E13: X
H14: Total Other | I14: NAIC
D15: Non-Affiliated | E15: Affiliated | H15: Income From | I15: Annual
C16: Direct | D16: Agency | E16: Agency | H16: Direct | I16: Statement
C17: Operations | D17: Operations | E17: Operations | F17: Total | H17: Operation ASR | I17: Schedule T | J17: Difference
A18: Part A: Revenue
A19: 1. | B19: Direct premiums written | C19: 0 | D19: 3200066 | E19: 0 | F19: =SUM(C19:E19) -> 3200066 | I19: 3200066 | J19: =F19-I19 -> 0
A20: 2. | B20: Direct premiums written that are retained by agent | C20: 0 | D20: 2547834 | E20: 0 | F20: =SUM(C20:E20) -> 2547834
A21: 3. | B21: Direct premiums written that are remitted to underwriter | C21: =C19-C20 -> 0 | D21: =D19-D20 -> 652232 | E21: =E19-E20 -> 0 | F21: =SUM(C21:E21) -> 652232
A22: 4. | B22: Escrow and settlement service charges | C22: 0 | D22: 0 | E22: 0 | F22: =SUM(C22:E22) -> 0
A23: 5. | B23: Other title fees and service charges | C23: 27375 | D23: 1500 | E23: 0 | F23: =SUM(C23:E23) -> 28875
A24: 6. | B24: Total Other Income | C24: =C22+C23 -> 27375 | D24: =D22+D23 -> 1500 | E24: =E22+E23 -> 0 | F24: =SUM(C24:E24) -> 28875 | H24: 0 | I24: 28875 | J24: =F24+H24-I24 -> 0
A25: 7. | B25: Total Revenue | C25: =C21+C24 -> 27375 | D25: =D21+D24 -> 653732 | E25: =E21+E24 -> 0 | F25: =SUM(C25:E25) -> 681107
A27: For underwriters that charge rates below the promulgated rates: | I27: From Form 3 | J27: Difference
A28: 8. | B28: Direct premiums as if they had been written at promulgated rates | C28: 0 | D28: 0 | E28: 0 | F28: =SUM(C28:E28) -> 0 | I28: 0 | J28: =F28-I28 -> 0
A30: Part B: Corporate Expenses
A32: Line 1 as defined per NAIC Annual Statement, STATEMENT OF INCOME Exhibit.
A33: Lines 2 through 22 as defined per NAIC Annual Statement, EXPENSES Exhibit.
A35: All entries should show NEW MEXICO expenses only and should NOT show any expenses reported by a direct or affiliated operation on their Agent Statistical Reports.
A37: 1. | B37: Losses and loss adjustment expenses incurred | C37: 0 | D37: 42270 | E37: 0 | F37: =SUM(C37:E37) -> 42270
A38: 2. | B38: Total personnel costs | C38: 18381 | D38: 336464 | E38: 0 | F38: =SUM(C38:E38) -> 354845
A39: 3. | B39: Total production services purchased outside | C39: 2936 | D39: 3519 | E39: 0 | F39: =SUM(C39:E39) -> 6455
A40: 4. | B40: Advertising | C40: 26 | D40: 334 | E40: 0 | F40: =SUM(C40:E40) -> 360
A41: 5. | B41: Boards, bureaus and associations | C41: 20 | D41: 3455 | E41: 0 | F41: =SUM(C41:E41) -> 3475
A42: 6. | B42: Title plant rent and maintenance | C42: 1598 | D42: 1225 | E42: 0 | F42: =SUM(C42:E42) -> 2823
A43: 7. | B43: Claim adjustment services | C43: 0 | D43: 2606 | E43: 0 | F43: =SUM(C43:E43) -> 2606
A44: 8. | B44: Amounts charged off, net of recoveries | C44: 194 | D44: 6684 | E44: 0 | F44: =SUM(C44:E44) -> 6878
A45: 9. | B45: Marketing and promotional expenses | C45: 581 | D45: 5838 | E45: 0 | F45: =SUM(C45:E45) -> 6419
A46: 10. | B46: Insurance | C46: 15 | D46: 6115 | E46: 0 | F46: =SUM(C46:E46) -> 6130
A47: 11. | B47: Directors' fees | C47: 1 | D47: 169 | E47: 0 | F47: =SUM(C47:E47) -> 170
A48: 12. | B48: Travel and travel items | C48: 490 | D48: 10262 | E48: 0 | F48: =SUM(C48:E48) -> 10752
... A55: 19. | B55: Total taxes, licenses and fees | C55: 45 | D55: 126358 | E55: 0 | F55: =SUM(C55:E55) -> 126403
A56: 20. | B56: Real estate expenses | C56: 0 | E56: 0 | F56: =SUM(C56:E56) -> 0
A57: 21. | B57: Real estate taxes | C57: 0 | E57: 0 | F57: =SUM(C57:E57) -> 0
A58: 22. | B58: Aggregate write-ins for miscellaneous expenses | C58: 4 | D58: 8717 | E58: 0 | F58: =SUM(C58:E58) -> 8721
A59: 23. | B59: Total Corporate Expenses | C59: =SUM(C37:C58) -> 28229 | D59: =SUM(D37:D58) -> 614467 | E59: =SUM(E37:E58) -> 0 | F59: =SUM(F37:F58) -> 642696
A61: Part C: Net Income
A62: 1. | B62: Income (Loss) | C62: =C25-C59 -> -854 | D62: =D25-D59 -> 39265 | E62: =E25-E59 -> 0 | F62: =SUM(C62:E62) -> 38411
